Workbook
Name _Toc128062871: 'Full list'!$A$2
Name _Toc128062872: 'Place based factors'!$A$1
Name _Toc128062873: 'Full list'!#REF!
Name _Toc128062874: 'Whole system design'!$A$40
Name _Toc128062875: 'Whole system design'!$A$13
Name _Toc128062878: 'Whole system design'!$A$10
Name _Toc128062879: 'Full list'!$A$14
Name _Toc128062880: 'Full list'!#REF!
Name _Toc128062886: 'Full list'!$A$26
Name _Toc128062887: 'Full list'!#REF!
Name _Toc128062893: 'Full list'!#REF!
Name _Toc128062894: 'Full list'!#REF!
Name _Toc128062900: 'Full list'!$A$55
Name _Toc128062901: 'Full list'!#REF!
Name _Toc128062907: 'Full list'!$A$69
Name _Toc128062908: 'Full list'!#REF!
Name _Toc128062914: 'Full list'!$A$81
Name _Toc128062915: 'Full list'!#REF!
Name _Toc128062921: 'Full list'!$A$92
Name _Toc128062922: 'Full list'!#REF!

Sheet Contents
A1: Applying a Strengths-Based Methodology to Your Strategic Commissioning - Overview notes to the toolkit methodology
A3: Contents
A4: Familiarisation | B4: Step 1 Familiarisation with materials | C4: Link to pre-reading Pre-reading for Commissioning Aspects 1-8
A5: Step2 - Quick evaluation | B5: Step 2 - Quick initial evaluation of the place against the 8 commissioning aspects
A6: Step 3 - Methodology - Self-assessment against the 8 commissioning aspects | B6: Step 3 - Self-Assessment across all 8 aspects. Initial Methodology sheet, followed by 8 Commissioning aspect worksheets
A7: Aspect 1. Whole system design
A8: Aspect 2. Relationships and organisation across the system
A9: Aspect 3. Capacity, capability and confidence
A10: Aspect 4. User and outcome-centred
A11: Aspect 5. Information, insight and innovation
A12: Aspect 6. Managing the policy and compliance landscape
A13: Aspect 7. Commissioning process
A14: Aspect 8. Models and tactics
A15: Step 4 - Analysis tool to help select preferred Strategic Commissioning Approach | B15: Step 4 - Use insight, scores and weighting from the self-assessment to select a Strategic Commissioning Approach
A16: Step 5 - Constraints and Enablers | B16: Step 5 - (Optional) Use the identified constraining and enabling factors from the self-assessment to support improvement action planning for your Commissioning Development Plan
A17: Place-based factors | B17: Place-based factors which may also enable or contrain, to be considered at Step 3 and Step 5
B18: Step 6 - Read introductory materials to familiarise yourselves with the Strategic Commissioning Approach, and implementation materials to prepare for implementing your selected Strategic Commissioning Approach | C18: Link to pre-reading Pre-reading for Commissioning Approaches 1-8

Sheet Step 2 Quick evaluation
A1: Step 2 - Quick evaluation of our commissioning against the 8 commissioning aspects
A2: Return to Contents
A3: The Eight Commissioning Aspects
A4: Aspect | B4: How well do we think we are doing on each aspect - on a scale of 0 (Worst) to 100 (Best)? | C4: Value assigned - quick evaluation | D4: Quick assessment | E4: Based on detailed assessment | F4: Value assigned following the detailed evaluation (taking each aspect in detail)
A5: Aspect 1. Whole system design Working as one place to create a context that is optimally set up for wellbeing, mutual support, and care | D5: =(IF(C5=0,"Awaiting value",(IF(AND(C5<25,C5>0),"We have identified failures in the process that pose a significant risk",(IF(AND(C5>24,C5<50),"We have identified risks posed to the systems in place and improvement is required/need to be addressed with medium priority",(IF(AND(C5>49,C5<75),"We have identified no immediate risk is posed to the systems in place, however several shortfalls will need to be addressed with low priority",(IF(C5>74,"We have identified that very good/excellent systems are in place and that no risk has been identified in this process","Void result")))))))))) | E5: =IF(AND(F5>50,F5>F6),"Preferred approach","") | F5: ='Whole system design'!B37 | G5: =(IF(F5=0,"Awaiting value",(IF(AND(F5<25,F5>0),"We have identified failures in the process that pose a significant risk",(IF(AND(F5>24,F5<50),"We have identified risks posed to the systems in place and improvement is required/need to be addressed with medium priority",(IF(AND(F5>49,F5<75),"We have identified no immediate risk is posed to the systems in place, however several shortfalls will need to be addressed with low priority",(IF(F5>74,"We have identified that very good/excellent systems are in place and that no risk has been identified in this process","Void result"))))))))))
A6: Aspect 2. Relationships and organisation across the system A place where everyone is focused on achieving shared goals, together, and incentives and funding streams are aligned | D6: =(IF(C6=0,"Awaiting value",(IF(AND(C6<25,C6>0),"We have identified failures in the process that pose a significant risk",(IF(AND(C6>24,C6<50),"We have identified risks posed to the systems in place and improvement is required/need to be addressed with medium priority",(IF(AND(C6>49,C6<75),"We have identified no immediate risk is posed to the systems in place, however several shortfalls will need to be addressed with low priority",(IF(C6>74,"We have identified that very good/excellent systems are in place and that no risk has been identified in this process","Void result")))))))))) | E6: =IF(AND(F6>50,F6>F7),"Preferred approach","") | G6: =(IF(F6=0,"Awaiting value",(IF(AND(F6<25,F6>0),"We have identified failures in the process that pose a significant risk",(IF(AND(F6>24,F6<50),"We have identified risks posed to the systems in place and improvement is required/need to be addressed with medium priority",(IF(AND(F6>49,F6<75),"We have identified no immediate risk is posed to the systems in place, however several shortfalls will need to be addressed with low priority",(IF(F6>74,"We have identified that very good/excellent systems are in place and that no risk has been identified in this process","Void result"))))))))))
A7: Aspect 3. Capacity, capability and confidence Shaping provision from all sources (including market provision, social procurement, VCSE, asset-based work, workforce, community etc) so that people have access to what they need to live their lives well | D7: =(IF(C7=0,"Awaiting value",(IF(AND(C7<25,C7>0),"We have identified failures in the process that pose a significant risk",(IF(AND(C7>24,C7<50),"We have identified risks posed to the systems in place and improvement is required/need to be addressed with medium priority",(IF(AND(C7>49,C7<75),"We have identified no immediate risk is posed to the systems in place, however several shortfalls will need to be addressed with low priority",(IF(C7>74,"We have identified that very good/excellent systems are in place and that no risk has been identified in this process","Void result")))))))))) | E7: =IF(AND(F7>50,F7>F8),"Preferred approach","") | G7: =(IF(F7=0,"Awaiting value",(IF(AND(F7<25,F7>0),"We have identified failures in the process that pose a significant risk",(IF(AND(F7>24,F7<50),"We have identified risks posed to the systems in place and improvement is required/need to be addressed with medium priority",(IF(AND(F7>49,F7<75),"We have identified no immediate risk is posed to the systems in place, however several shortfalls will need to be addressed with low priority",(IF(F7>74,"We have identified that very good/excellent systems are in place and that no risk has been identified in this process","Void result"))))))))))
A8: Aspect 4. User and outcome centred Citizens are in charge of their own care, and their assessment of whether they got what they needed is how we measure our success | D8: =(IF(C8=0,"Awaiting value",(IF(AND(C8<25,C8>0),"We have identified failures in the process that pose a significant risk",(IF(AND(C8>24,C8<50),"We have identified risks posed to the systems in place and improvement is required/need to be addressed with medium priority",(IF(AND(C8>49,C8<75),"We have identified no immediate risk is posed to the systems in place, however several shortfalls will need to be addressed with low priority",(IF(C8>74,"We have identified that very good/excellent systems are in place and that no risk has been identified in this process","Void result")))))))))) | E8: =IF(AND(F8>50,F8>F9),"Preferred approach","") | G8: =(IF(F8=0,"Awaiting value",(IF(AND(F8<25,F8>0),"We have identified failures in the process that pose a significant risk",(IF(AND(F8>24,F8<50),"We have identified risks posed to the systems in place and improvement is required/need to be addressed with medium priority",(IF(AND(F8>49,F8<75),"We have identified no immediate risk is posed to the systems in place, however several shortfalls will need to be addressed with low priority",(IF(F8>74,"We have identified that very good/excellent systems are in place and that no risk has been identified in this process","Void result"))))))))))
A9: Aspect 5. Information, insight and innovation A commissioning aspect that emphasises commissioning innovation and creativity, based on solid information, insight | D9: =(IF(C9=0,"Awaiting value",(IF(AND(C9<25,C9>0),"We have identified failures in the process that pose a significant risk",(IF(AND(C9>24,C9<50),"We have identified risks posed to the systems in place and improvement is required/need to be addressed with medium priority",(IF(AND(C9>49,C9<75),"We have identified no immediate risk is posed to the systems in place, however several shortfalls will need to be addressed with low priority",(IF(C9>74,"We have identified that very good/excellent systems are in place and that no risk has been identified in this process","Void result")))))))))) | E9: =IF(AND(F9>50,F9>F10),"Preferred approach","") | G9: =(IF(F9=0,"Awaiting value",(IF(AND(F9<25,F9>0),"We have identified failures in the process that pose a significant risk",(IF(AND(F9>24,F9<50),"We have identified risks posed to the systems in place and improvement is required/need to be addressed with medium priority",(IF(AND(F9>49,F9<75),"We have identified no immediate risk is posed to the systems in place, however several shortfalls will need to be addressed with low priority",(IF(F9>74,"We have identified that very good/excellent systems are in place and that no risk has been identified in this process","Void result"))))))))))
A10: Aspect 6. Managing the policy and compliance landscape Meeting, interpreting, and actively shaping the policy and legal requirements that we have to work within | D10: =(IF(C10=0,"Awaiting value",(IF(AND(C10<25,C10>0),"We have identified failures in the process that pose a significant risk",(IF(AND(C10>24,C10<50),"We have identified risks posed to the systems in place and improvement is required/need to be addressed with medium priority",(IF(AND(C10>49,C10<75),"We have identified no immediate risk is posed to the systems in place, however several shortfalls will need to be addressed with low priority",(IF(C10>74,"We have identified that very good/excellent systems are in place and that no risk has been identified in this process","Void result")))))))))) | E10: =IF(AND(F10>50,F10>F11),"Preferred approach","") | G10: =(IF(F10=0,"Awaiting value",(IF(AND(F10<25,F10>0),"We have identified failures in the process that pose a significant risk",(IF(AND(F10>24,F10<50),"We have identified risks posed to the systems in place and improvement is required/need to be addressed with medium priority",(IF(AND(F10>49,F10<75),"We have identified no immediate risk is posed to the systems in place, however several shortfalls will need to be addressed with low priority",(IF(F10>74,"We have identified that very good/excellent systems are in place and that no risk has been identified in this process","Void result"))))))))))
A11: Aspect 7. Commissioning process Technically excellent and highly professional commissioning mechanisms, including competition, collaboration, commercials, clarity of contracting, and continual improvement as well as well-judged introduction of new approaches | D11: =(IF(C11=0,"Awaiting value",(IF(AND(C11<25,C11>0),"We have identified failures in the process that pose a significant risk",(IF(AND(C11>24,C11<50),"We have identified risks posed to the systems in place and improvement is required/need to be addressed with medium priority",(IF(AND(C11>49,C11<75),"We have identified no immediate risk is posed to the systems in place, however several shortfalls will need to be addressed with low priority",(IF(C11>74,"We have identified that very good/excellent systems are in place and that no risk has been identified in this process","Void result")))))))))) | E11: =IF(AND(F11>50,F11>F12),"Preferred approach","") | G11: =(IF(F11=0,"Awaiting value",(IF(AND(F11<25,F11>0),"We have identified failures in the process that pose a significant risk",(IF(AND(F11>24,F11<50),"We have identified risks posed to the systems in place and improvement is required/need to be addressed with medium priority",(IF(AND(F11>49,F11<75),"We have identified no immediate risk is posed to the systems in place, however several shortfalls will need to be addressed with low priority",(IF(F11>74,"We have identified that very good/excellent systems are in place and that no risk has been identified in this process","Void result"))))))))))
A12: Aspect 8. Models and tactics Design of delivery models that are fit for purpose, effective, and innovative, based on real attention to how services are structured and delivered | D12: =(IF(C12=0,"Awaiting value",(IF(AND(C12<25,C12>0),"We have identified failures in the process that pose a significant risk",(IF(AND(C12>24,C12<50),"We have identified risks posed to the systems in place and improvement is required/need to be addressed with medium priority",(IF(AND(C12>49,C12<75),"We have identified no immediate risk is posed to the systems in place, however several shortfalls will need to be addressed with low priority",(IF(C12>74,"We have identified that very good/excellent systems are in place and that no risk has been identified in this process","Void result")))))))))) | E12: =IF(AND(F12>50,F12>F13),"Preferred approach","") | G12: =(IF(F12=0,"Awaiting value",(IF(AND(F12<25,F12>0),"We have identified failures in the process that pose a significant risk",(IF(AND(F12>24,F12<50),"We have identified risks posed to the systems in place and improvement is required/need to be addressed with medium priority",(IF(AND(F12>49,F12<75),"We have identified no immediate risk is posed to the systems in place, however several shortfalls will need to be addressed with low priority",(IF(F12>74,"We have identified that very good/excellent systems are in place and that no risk has been identified in this process","Void result"))))))))))

Sheet Step 3 Methodology 
A1: Step 3 - Methodology - Self-assessment against the 8 commissioning aspects
A2: Return to Contents
A4: Suggested Methodology for the Self-assessment workshop
A5: This self-assessment considers eight aspects of commissioning. There is a worksheet for each commissioning aspect. Each of the following eight worksheets is structured to be used in the same way. You will see the aspect name on the tab at the bottom and also at the top of the worksheet. Discussion is key to gaining insight about each question. You can nominate a scribe to record your insights and observations and to record your scores. You may find it useful to follow the worksheets as individuals. You may choose to make your own notes on your own copy of the worksheets, to aid discussion. Pre-reading materials are available for each commissioning aspect and links are included throughout the worksheets. The eight commissioning aspects are as follows: | B5: Link to pre-reading Pre-reading for Commissioning Aspects 1-8
A6: Aspect 1. Whole system design
A7: Aspect 2. Relationships and organisation across the system
A8: Aspect 3. Capacity, capability and confidence
A9: Aspect 4. User and outcome centred
A10: Aspect 5. Information, insight and innovation
A11: Aspect 6. Managing the policy and compliance landscape
A12: Aspect 7. Commissioning process
A13: Aspect 8. Models and tactics
A15: For each commissioning aspect, in groups or pairs, work through each of the stages below and record your observations / insight as suggested on the relevant worksheet.
A16: Part A. Please discuss and comment on the case studies and your thoughts on the dynamic tensions and equalities and equity considerations for this aspect in your place. Enter your comments in the boxes provided.
A17: Part B. Work through and discuss each of the self-assessment statements in the grid for the commissioning aspect. Record your observations from the discussion in column B.
A18: Part C. Revisit each of the statements in the grid the commissioning aspect and, using the slider, assign a score from 1 - 100 (where 100 is best performance) relating to how well you feel that you are achieving what is set out in the statement.
... A21: Part F. After you have completed all of the above, consider all the factors you have considered from the pre-reading materials, your discussion, place-based factors and the statements for the aspect, and identify what you feel to be the 3 most enabling and 3 most constraining factors that impact on this commissioning aspect. Record these in the boxes provided. These constraining and enabling factors will be used to support your action planning for your Commissioning Development Plan (see worksheet for Step 5).

Sheet Whole system design
A1: Step 3 Aspect 1
A2: Return to Contents
A3: Whole system design
A4: Working as one place to create a context that is optimally set up for wellbeing, mutual support, and care
A5: Pre reading : Before completing this worksheet - read the document 'Whole system design' - which summarises this aspect and includes the case studies, dynamic tensions and equalities issues | C5: Link to pre-reading Pre-reading for Commissioning Aspects 1-8
A6: Part A - having read the pre-reading material, discuss the case studies, dynamic tensions and equalities and equity considerations.
A7: It is recommended that you keep your discussions in mind when reviewing the statements below
A8: High and low scoring case studies | B8: Please enter your comments
A9: What are your immediate thoughts relating to the high or low scoring councils in the case studies for this apsect?
A10: How are you handling these dynamic tensions?
A11: The tension between effective working within silos, development and optimal use of expertise, and working flexibly as a whole system
A12: The tension between prevention work and the need to respond to more acute demand
A13: How are you ensuring equality and equity?
A14: Whole system design is likely to highlight issues of inequality and inequity in conditions and access to services. Care should be taken to include marginalised voices in governance, leadership, and delivery, and to resist picking ‘quick wins’ which may further exclude marginalised and under-served groups.
A16: Part B,C,D - discuss each of the statements below and record your observation, score each, select your weighting
A17: Statements | B17: Please record your observations from dialogue | C17: How well do we think we are doing - on a scale of 0 (worst) to 100 (Best)? | D17: Score assigned | E17: Your weighting within this aspect | F17: Quick assessment | G17: Weighting | H17: Score
A18: We are working well as as a whole, place-based system | F18: =(IF(D18=0,"Awaiting value",(IF(AND(D18<25,D18>0),"We have identified failures in the process that pose a significant risk",(IF(AND(D18>24,D18<50),"We have identified risks posed to the systems in place and improvement is required/need to be addressed with medium priority",(IF(AND(D18>49,D18<75),"We have identified no immediate risk is posed to the systems in place, however several shortfalls will need to be addressed with low priority",(IF(D18>74,"We have identified that very good/excellent systems are in place and that no risk has been identified in this process","Void result")))))))))) | G18: =IF(E18=Lists!$A$6,4,(IF(E18=Lists!$A$7,3,(IF(E18=Lists!$A$8,2,(IF(E18=Lists!$A$9,1,""))))))) | H18: =D18*G18
A19: We have a good understanding of need (including unmet need) and capacity as a whole | F19: =(IF(D19=0,"Awaiting value",(IF(AND(D19<25,D19>0),"We have identified failures in the process that pose a significant risk",(IF(AND(D19>24,D19<50),"We have identified risks posed to the systems in place and improvement is required/need to be addressed with medium priority",(IF(AND(D19>49,D19<75),"We have identified no immediate risk is posed to the systems in place, however several shortfalls will need to be addressed with low priority",(IF(D19>74,"We have identified that very good/excellent systems are in place and that no risk has been identified in this process","Void result")))))))))) | G19: =IF(E19=Lists!$A$6,4,(IF(E19=Lists!$A$7,3,(IF(E19=Lists!$A$8,2,(IF(E19=Lists!$A$9,1,""))))))) | H19: =D19*G19
A20: We have a good understanding of what is really shaping need and demand in our place | F20: =(IF(D20=0,"Awaiting value",(IF(AND(D20<25,D20>0),"We have identified failures in the process that pose a significant risk",(IF(AND(D20>24,D20<50),"We have identified risks posed to the systems in place and improvement is required/need to be addressed with medium priority",(IF(AND(D20>49,D20<75),"We have identified no immediate risk is posed to the systems in place, however several shortfalls will need to be addressed with low priority",(IF(D20>74,"We have identified that very good/excellent systems are in place and that no risk has been identified in this process","Void result")))))))))) | G20: =IF(E20=Lists!$A$6,4,(IF(E20=Lists!$A$7,3,(IF(E20=Lists!$A$8,2,(IF(E20=Lists!$A$9,1,""))))))) | H20: =D20*G20
A21: We have a good understanding of what really matters to citizens, and local views about wellbeing and care | F21: =(IF(D21=0,"Awaiting value",(IF(AND(D21<25,D21>0),"We have identified failures in the process that pose a significant risk",(IF(AND(D21>24,D21<50),"We have identified risks posed to the systems in place and improvement is required/need to be addressed with medium priority",(IF(AND(D21>49,D21<75),"We have identified no immediate risk is posed to the systems in place, however several shortfalls will need to be addressed with low priority",(IF(D21>74,"We have identified that very good/excellent systems are in place and that no risk has been identified in this process","Void result")))))))))) | G21: =IF(E21=Lists!$A$6,4,(IF(E21=Lists!$A$7,3,(IF(E21=Lists!$A$8,2,(IF(E21=Lists!$A$9,1,""))))))) | H21: =D21*G21
A22: The whole system is coherent, and we have a plan as a whole system | F22: =(IF(D22=0,"Awaiting value",(IF(AND(D22<25,D22>0),"We have identified failures in the process that pose a significant risk",(IF(AND(D22>24,D22<50),"We have identified risks posed to the systems in place and improvement is required/need to be addressed with medium priority",(IF(AND(D22>49,D22<75),"We have identified no immediate risk is posed to the systems in place, however several shortfalls will need to be addressed with low priority",(IF(D22>74,"We have identified that very good/excellent systems are in place and that no risk has been identified in this process","Void result")))))))))) | G22: =IF(E22=Lists!$A$6,4,(IF(E22=Lists!$A$7,3,(IF(E22=Lists!$A$8,2,(IF(E22=Lists!$A$9,1,""))))))) | H22: =D22*G22
A23: We put social and environmental justice at the heart of the system | F23: =(IF(D23=0,"Awaiting value",(IF(AND(D23<25,D23>0),"We have identified failures in the process that pose a significant risk",(IF(AND(D23>24,D23<50),"We have identified risks posed to the systems in place and improvement is required/need to be addressed with medium priority",(IF(AND(D23>49,D23<75),"We have identified no immediate risk is posed to the systems in place, however several shortfalls will need to be addressed with low priority",(IF(D23>74,"We have identified that very good/excellent systems are in place and that no risk has been identified in this process","Void result")))))))))) | G23: =IF(E23=Lists!$A$6,4,(IF(E23=Lists!$A$7,3,(IF(E23=Lists!$A$8,2,(IF(E23=Lists!$A$9,1,""))))))) | H23: =D23*G23
A24: We have successfully shifted the dial to strengths, enabling, prevention, and early intervention | F24: =(IF(D24=0,"Awaiting value",(IF(AND(D24<25,D24>0),"We have identified failures in the process that pose a significant risk",(IF(AND(D24>24,D24<50),"We have identified risks posed to the systems in place and improvement is required/need to be addressed with medium priority",(IF(AND(D24>49,D24<75),"We have identified no immediate risk is posed to the systems in place, however several shortfalls will need to be addressed with low priority",(IF(D24>74,"We have identified that very good/excellent systems are in place and that no risk has been identified in this process","Void result")))))))))) | G24: =IF(E24=Lists!$A$6,4,(IF(E24=Lists!$A$7,3,(IF(E24=Lists!$A$8,2,(IF(E24=Lists!$A$9,1,""))))))) | H24: =D24*G24
A25: We are learning effectively as a whole system | F25: =(IF(D25=0,"Awaiting value",(IF(AND(D25<25,D25>0),"We have identified failures in the process that pose a significant risk",(IF(AND(D25>24,D25<50),"We have identified risks posed to the systems in place and improvement is required/need to be addressed with medium priority",(IF(AND(D25>49,D25<75),"We have identified no immediate risk is posed to the systems in place, however several shortfalls will need to be addressed with low priority",(IF(D25>74,"We have identified that very good/excellent systems are in place and that no risk has been identified in this process","Void result")))))))))) | G25: =IF(E25=Lists!$A$6,4,(IF(E25=Lists!$A$7,3,(IF(E25=Lists!$A$8,2,(IF(E25=Lists!$A$9,1,""))))))) | H25: =D25*G25
A26: We work systematically at a strategic, operational, and individual level | F26: =(IF(D26=0,"Awaiting value",(IF(AND(D26<25,D26>0),"We have identified failures in the process that pose a significant risk",(IF(AND(D26>24,D26<50),"We have identified risks posed to the systems in place and improvement is required/need to be addressed with medium priority",(IF(AND(D26>49,D26<75),"We have identified no immediate risk is posed to the systems in place, however several shortfalls will need to be addressed with low priority",(IF(D26>74,"We have identified that very good/excellent systems are in place and that no risk has been identified in this process","Void result")))))))))) | G26: =IF(E26=Lists!$A$6,4,(IF(E26=Lists!$A$7,3,(IF(E26=Lists!$A$8,2,(IF(E26=Lists!$A$9,1,""))))))) | H26: =D26*G26
A27: We deal well with any pressure to provide standardised vs fit-for-content services (discussion of ‘postcode lotteries’ etc) | F27: =(IF(D27=0,"Awaiting value",(IF(AND(D27<25,D27>0),"We have identified failures in the process that pose a significant risk",(IF(AND(D27>24,D27<50),"We have identified risks posed to the systems in place and improvement is required/need to be addressed with medium priority",(IF(AND(D27>49,D27<75),"We have identified no immediate risk is posed to the systems in place, however several shortfalls will need to be addressed with low priority",(IF(D27>74,"We have identified that very good/excellent systems are in place and that no risk has been identified in this process","Void result")))))))))) | G27: =IF(E27=Lists!$A$6,4,(IF(E27=Lists!$A$7,3,(IF(E27=Lists!$A$8,2,(IF(E27=Lists!$A$9,1,""))))))) | H27: =D27*G27
A28: We have an open mind to reviewing current payment methods so that they work for different models of commissioning (This could include ICS models, or other sub-regional or cross-border models) | F28: =(IF(D28=0,"Awaiting value",(IF(AND(D28<25,D28>0),"We have identified failures in the process that pose a significant risk",(IF(AND(D28>24,D28<50),"We have identified risks posed to the systems in place and improvement is required/need to be addressed with medium priority",(IF(AND(D28>49,D28<75),"We have identified no immediate risk is posed to the systems in place, however several shortfalls will need to be addressed with low priority",(IF(D28>74,"We have identified that very good/excellent systems are in place and that no risk has been identified in this process","Void result")))))))))) | G28: =IF(E28=Lists!$A$6,4,(IF(E28=Lists!$A$7,3,(IF(E28=Lists!$A$8,2,(IF(E28=Lists!$A$9,1,""))))))) | H28: =D28*G28
A29: We have a significant degree of health and care integration, for example within the ICB, HBB, Integrated neighbourhood partnership working. | F29: =(IF(D29=0,"Awaiting value",(IF(AND(D29<25,D29>0),"We have identified failures in the process that pose a significant risk",(IF(AND(D29>24,D29<50),"We have identified risks posed to the systems in place and improvement is required/need to be addressed with medium priority",(IF(AND(D29>49,D29<75),"We have identified no immediate risk is posed to the systems in place, however several shortfalls will need to be addressed with low priority",(IF(D29>74,"We have identified that very good/excellent systems are in place and that no risk has been identified in this process","Void result")))))))))) | G29: =IF(E29=Lists!$A$6,4,(IF(E29=Lists!$A$7,3,(IF(E29=Lists!$A$8,2,(IF(E29=Lists!$A$9,1,""))))))) | H29: =D29*G29
A35: Part E - Review and confirm your overall score
A36: Calculated overall score for this aspect | B36: =(SUM(H18:H29))/(SUM(G18:G29))
A37: Our assessment Your confirmation of the score (Please enter a number between 0 and 100) | C37: =(IF(B37=0,"Awaiting value",(IF(AND(B37<25,B37>0),"We have identified failures in the process that pose a significant risk",(IF(AND(B37>24,B37<50),"We have identified risks posed to the systems in place and improvement is required/need to be addressed with medium priority",(IF(AND(B37>49,B37<75),"We have identified no immediate risk is posed to the systems in place, however several shortfalls will need to be addressed with low priority",(IF(B37>74,"We have identified that very good/excellent systems are in place and that no risk has been identified in this process","Void result"))))))))))
A39: Part F - Identify enabling and constraining factors
A40: What factors most constrain and most enable your room to manoeuvre as commissioners?
A41: Part F - to be completed as a final stage following discussion on this aspect. In your discussion think about any factors that you feel will enable or constrain your work with particular reference to the impact on this commissioning aspect. Please detail below the 3 most significant enabling and 3 most significant constraining factors. For Aspect 1. Whole System Design, you may also want to consider the place-based factors in the pre-reading materials for this aspect (see also final worksheet for a list of place-based factors - you may also be aware of others).
A42: Most enabling factors | B42: Most constraining factors
A43: 1 | B43: 1
A44: 2 | B44: 2
A45: 3 | B45: 3
A47: Link to place-based factors

Sheet Relationships & Organisation
A1: Step 3 Aspect 2
A2: Return to Contents
A3: Relationships and organisation across the system
A4: A place where everyone is focused on achieving shared goals, together, and incentives and funding streams are aligned
A5: Pre reading : Before completing this worksheet - read the document 'Relationships and organisation across the system ' - which summarises this aspect and includes the case studies, dynamic tensions and equalities issues | C5: Link to pre-reading Pre-reading for Commissioning Aspects 1-8
A6: Part A - having read the pre-reading material, discuss the case studies, dynamic tensions and equalities and equity considerations.
A7: It is recommended that you keep your discussions in mind when reviewing the statements below
A8: High and low scoring case studies | B8: Please enter your comments
A9: What are your immediate thoughts relating to the high or low scoring councils in the case studies for this apsect?
A10: How are you handling these dynamic tensions?
A11: The potential tensions when local government politicians who set the direction of local government activity also act as NHS non-executive directors
A12: The tension between the centralised, national direction of the NHS and local direction/mandate of local government
A13: How are you ensuring equality and equity?
A14: Good quality relationships allow the challenging of issues to be done safely. They need to be built for the long-term and embedded, for inequality to be challenged and overcome. Relationship-building must consciously include formerly-excluded groups, if it is to be valuable. Commissioners and systems need to be aware of the risk that a focus on building relationships can reduce the willingness to challenge norms and problematic issues.
A16: Part B,C,D - discuss each of the statements below and record your observation, score each, select your weighting
A17: Statements | B17: Please record your observations from dialogue | C17: How well do we think we are doing - on a scale of 0 (worst) to 100 (Best)? | D17: Score assigned | E17: Your weighting within this aspect | F17: Quick assessment | G17: Weighting | H17: Score
A18: Our partnerships and governance are robust and effective | F18: =(IF(D18=0,"Awaiting value",(IF(AND(D18<25,D18>0),"We have identified failures in the process that pose a significant risk",(IF(AND(D18>24,D18<50),"We have identified risks posed to the systems in place and improvement is required/need to be addressed with medium priority",(IF(AND(D18>49,D18<75),"We have identified no immediate risk is posed to the systems in place, however several shortfalls will need to be addressed with low priority",(IF(D18>74,"We have identified that very good/excellent systems are in place and that no risk has been identified in this process","Void result")))))))))) | G18: =IF(E18=Lists!$A$6,4,(IF(E18=Lists!$A$7,3,(IF(E18=Lists!$A$8,2,(IF(E18=Lists!$A$9,1,""))))))) | H18: =D18*G18
A19: We do not feel constrained by any local politics. Local politics, including politics within or between agencies, work to positive effect. | F19: =(IF(D19=0,"Awaiting value",(IF(AND(D19<25,D19>0),"We have identified failures in the process that pose a significant risk",(IF(AND(D19>24,D19<50),"We have identified risks posed to the systems in place and improvement is required/need to be addressed with medium priority",(IF(AND(D19>49,D19<75),"We have identified no immediate risk is posed to the systems in place, however several shortfalls will need to be addressed with low priority",(IF(D19>74,"We have identified that very good/excellent systems are in place and that no risk has been identified in this process","Void result")))))))))) | G19: =IF(E19=Lists!$A$6,4,(IF(E19=Lists!$A$7,3,(IF(E19=Lists!$A$8,2,(IF(E19=Lists!$A$9,1,""))))))) | H19: =D19*G19
A20: All relevant organisations and places have a shared understanding of commissioning, and give commissioning the same value | F20: =(IF(D20=0,"Awaiting value",(IF(AND(D20<25,D20>0),"We have identified failures in the process that pose a significant risk",(IF(AND(D20>24,D20<50),"We have identified risks posed to the systems in place and improvement is required/need to be addressed with medium priority",(IF(AND(D20>49,D20<75),"We have identified no immediate risk is posed to the systems in place, however several shortfalls will need to be addressed with low priority",(IF(D20>74,"We have identified that very good/excellent systems are in place and that no risk has been identified in this process","Void result")))))))))) | G20: =IF(E20=Lists!$A$6,4,(IF(E20=Lists!$A$7,3,(IF(E20=Lists!$A$8,2,(IF(E20=Lists!$A$9,1,""))))))) | H20: =D20*G20
A21: We can address any knock-on effects of our setup and our decisions on the relationships and organisation in place | F21: =(IF(D21=0,"Awaiting value",(IF(AND(D21<25,D21>0),"We have identified failures in the process that pose a significant risk",(IF(AND(D21>24,D21<50),"We have identified risks posed to the systems in place and improvement is required/need to be addressed with medium priority",(IF(AND(D21>49,D21<75),"We have identified no immediate risk is posed to the systems in place, however several shortfalls will need to be addressed with low priority",(IF(D21>74,"We have identified that very good/excellent systems are in place and that no risk has been identified in this process","Void result")))))))))) | G21: =IF(E21=Lists!$A$6,4,(IF(E21=Lists!$A$7,3,(IF(E21=Lists!$A$8,2,(IF(E21=Lists!$A$9,1,""))))))) | H21: =D21*G21
A22: We have effective collaboration, partnership and challenge across all key groups: commissioners, providers, politicians, communities | F22: =(IF(D22=0,"Awaiting value",(IF(AND(D22<25,D22>0),"We have identified failures in the process that pose a significant risk",(IF(AND(D22>24,D22<50),"We have identified risks posed to the systems in place and improvement is required/need to be addressed with medium priority",(IF(AND(D22>49,D22<75),"We have identified no immediate risk is posed to the systems in place, however several shortfalls will need to be addressed with low priority",(IF(D22>74,"We have identified that very good/excellent systems are in place and that no risk has been identified in this process","Void result")))))))))) | G22: =IF(E22=Lists!$A$6,4,(IF(E22=Lists!$A$7,3,(IF(E22=Lists!$A$8,2,(IF(E22=Lists!$A$9,1,""))))))) | H22: =D22*G22
A23: All stakeholders are engaged with open communication | F23: =(IF(D23=0,"Awaiting value",(IF(AND(D23<25,D23>0),"We have identified failures in the process that pose a significant risk",(IF(AND(D23>24,D23<50),"We have identified risks posed to the systems in place and improvement is required/need to be addressed with medium priority",(IF(AND(D23>49,D23<75),"We have identified no immediate risk is posed to the systems in place, however several shortfalls will need to be addressed with low priority",(IF(D23>74,"We have identified that very good/excellent systems are in place and that no risk has been identified in this process","Void result")))))))))) | G23: =IF(E23=Lists!$A$6,4,(IF(E23=Lists!$A$7,3,(IF(E23=Lists!$A$8,2,(IF(E23=Lists!$A$9,1,""))))))) | H23: =D23*G23
A24: We take positive action to learn about and work on our relationships, including learning from the past | F24: =(IF(D24=0,"Awaiting value",(IF(AND(D24<25,D24>0),"We have identified failures in the process that pose a significant risk",(IF(AND(D24>24,D24<50),"We have identified risks posed to the systems in place and improvement is required/need to be addressed with medium priority",(IF(AND(D24>49,D24<75),"We have identified no immediate risk is posed to the systems in place, however several shortfalls will need to be addressed with low priority",(IF(D24>74,"We have identified that very good/excellent systems are in place and that no risk has been identified in this process","Void result")))))))))) | G24: =IF(E24=Lists!$A$6,4,(IF(E24=Lists!$A$7,3,(IF(E24=Lists!$A$8,2,(IF(E24=Lists!$A$9,1,""))))))) | H24: =D24*G24
A25: We optimise our results by responding appropriately according to the maturity level of our relationships | F25: =(IF(D25=0,"Awaiting value",(IF(AND(D25<25,D25>0),"We have identified failures in the process that pose a significant risk",(IF(AND(D25>24,D25<50),"We have identified risks posed to the systems in place and improvement is required/need to be addressed with medium priority",(IF(AND(D25>49,D25<75),"We have identified no immediate risk is posed to the systems in place, however several shortfalls will need to be addressed with low priority",(IF(D25>74,"We have identified that very good/excellent systems are in place and that no risk has been identified in this process","Void result")))))))))) | G25: =IF(E25=Lists!$A$6,4,(IF(E25=Lists!$A$7,3,(IF(E25=Lists!$A$8,2,(IF(E25=Lists!$A$9,1,""))))))) | H25: =D25*G25
A26: We are enabled, rather than limited, by the ethics, values, and culture of our organisation and the people in it? | F26: =(IF(D26=0,"Awaiting value",(IF(AND(D26<25,D26>0),"We have identified failures in the process that pose a significant risk",(IF(AND(D26>24,D26<50),"We have identified risks posed to the systems in place and improvement is required/need to be addressed with medium priority",(IF(AND(D26>49,D26<75),"We have identified no immediate risk is posed to the systems in place, however several shortfalls will need to be addressed with low priority",(IF(D26>74,"We have identified that very good/excellent systems are in place and that no risk has been identified in this process","Void result")))))))))) | G26: =IF(E26=Lists!$A$6,4,(IF(E26=Lists!$A$7,3,(IF(E26=Lists!$A$8,2,(IF(E26=Lists!$A$9,1,""))))))) | H26: =D26*G26
A27: Citizens and community are trusted and engaged across the system | F27: =(IF(D27=0,"Awaiting value",(IF(AND(D27<25,D27>0),"We have identified failures in the process that pose a significant risk",(IF(AND(D27>24,D27<50),"We have identified risks posed to the systems in place and improvement is required/need to be addressed with medium priority",(IF(AND(D27>49,D27<75),"We have identified no immediate risk is posed to the systems in place, however several shortfalls will need to be addressed with low priority",(IF(D27>74,"We have identified that very good/excellent systems are in place and that no risk has been identified in this process","Void result")))))))))) | G27: =IF(E27=Lists!$A$6,4,(IF(E27=Lists!$A$7,3,(IF(E27=Lists!$A$8,2,(IF(E27=Lists!$A$9,1,""))))))) | H27: =D27*G27
A28: We are collectively aware of and dealing effectively with the incentives driven by different funding and performance schemes | F28: =(IF(D28=0,"Awaiting value",(IF(AND(D28<25,D28>0),"We have identified failures in the process that pose a significant risk",(IF(AND(D28>24,D28<50),"We have identified risks posed to the systems in place and improvement is required/need to be addressed with medium priority",(IF(AND(D28>49,D28<75),"We have identified no immediate risk is posed to the systems in place, however several shortfalls will need to be addressed with low priority",(IF(D28>74,"We have identified that very good/excellent systems are in place and that no risk has been identified in this process","Void result")))))))))) | G28: =IF(E28=Lists!$A$6,4,(IF(E28=Lists!$A$7,3,(IF(E28=Lists!$A$8,2,(IF(E28=Lists!$A$9,1,""))))))) | H28: =D28*G28
A29: We can describe the culture of the organisations working together as open, honest, trusting and constructive, rather than judgemental and punitive, or avoidant. | F29: =(IF(D29=0,"Awaiting value",(IF(AND(D29<25,D29>0),"We have identified failures in the process that pose a significant risk",(IF(AND(D29>24,D29<50),"We have identified risks posed to the systems in place and improvement is required/need to be addressed with medium priority",(IF(AND(D29>49,D29<75),"We have identified no immediate risk is posed to the systems in place, however several shortfalls will need to be addressed with low priority",(IF(D29>74,"We have identified that very good/excellent systems are in place and that no risk has been identified in this process","Void result")))))))))) | G29: =IF(E29=Lists!$A$6,4,(IF(E29=Lists!$A$7,3,(IF(E29=Lists!$A$8,2,(IF(E29=Lists!$A$9,1,""))))))) | H29: =D29*G29
A35: Part E - Review and confirm your overall score
A36: Calculated overall notional score for this aspect | B36: =(SUM(H18:H29))/(SUM(G18:G29))
A37: Our assessment Your confirmation of the score (Please enter a number between 0 and 100) | C37: =(IF(B37=0,"Awaiting value",(IF(AND(B37<25,B37>0),"We have identified failures in the process that pose a significant risk",(IF(AND(B37>24,B37<50),"We have identified risks posed to the systems in place and improvement is required/need to be addressed with medium priority",(IF(AND(B37>49,B37<75),"We have identified no immediate risk is posed to the systems in place, however several shortfalls will need to be addressed with low priority",(IF(B37>74,"We have identified that very good/excellent systems are in place and that no risk has been identified in this process","Void result"))))))))))
A39: Part F - Identify enabling and constraining factors
A40: What factors most constrain and most enable your room to manoeuvre as commissioners?
A41: Part F - to be completed as a final stage following discussion on this aspect. In your discussion think about any factors that you feel will enable or constrain your work with particular reference to the impact on this commissioning aspect. Please detail below the 3 most significant enabling and 3 most significant constraining factors.
A42: Most enabling factors | B42: Most constraining factors
A43: 1 | B43: 1
A44: 2 | B44: 2
A45: 3 | B45: 3

Sheet Capacity & Capability
A1: Step 3 Aspect 3
A2: Return to Contents
A3: Capacity, capability and confidence
A4: Shaping provision from all sources (including market provision, social procurement, VCSE, asset-based work, workforce, community etc) so that people have access to what they need to live their lives well
A5: Pre reading : Before completing this worksheet - read the document 'Capacity, Capability and Confidence' - which summarises this aspect and includes the case studies, dynamic tensions and equalities issues | C5: Link to pre-reading Pre-reading for Commissioning Aspects 1-8
A6: Part A - having read the pre-reading material, discuss the case studies, dynamic tensions and equalities and equity considerations.
A7: It is recommended that you keep your discussions in mind when reviewing the statements below
A8: High and low scoring case studies | B8: Please enter your comments
A9: What are your immediate thoughts relating to the high or low scoring councils in the case studies for this apsect?
A10: How are you handling these dynamic tensions?
A11: The tension between fitting service provision to our own professional categories and self-direction by citizens
A12: The tension between worker pay (supporting economic wellbeing, recycling into the local economy) and the cost of services
A13: The tension between a focus on deficits and service provision and focus on strengths, assets, and community
A14: How are you ensuring equality and equity?
A15: It is important to take a critical perspective regarding the impact of deprivation, exclusion, and intersectional factors on the capability of people to provide their own support, and not make assumptions about this capability. Additionally, some people who are otherwise in highly privileged groups will not necessarily be privileged (in terms, for example, of close and engaged social networks) when it comes to their ability to be supported in their home and community. At the same time, traditional service provision is likely to be biased and have built-in assumptions about needs and how they should be met, which will impact different groups in different ways. The same suspension of assumption and genuine exploration needs to apply to groups and organisations providing support, which may have very different perspectives, strengths, and weaknesses depending on their context.
A16: Part B,C,D - discuss each of the statements below and record your observation, score each, select your weighting
A17: Statements | B17: Please record your observations from dialogue | C17: How well do we think we are doing - on a scale of 0 (worst) to 100 (Best)? | D17: Score assigned | E17: Your weighting within this aspect | F17: Quick assessment | G17: Weighting | H17: Score
A18: We are effective at building the capability of people to support themselves | F18: =(IF(D18=0,"Awaiting value",(IF(AND(D18<25,D18>0),"We have identified failures in the process that pose a significant risk",(IF(AND(D18>24,D18<50),"We have identified risks posed to the systems in place and improvement is required/need to be addressed with medium priority",(IF(AND(D18>49,D18<75),"We have identified no immediate risk is posed to the systems in place, however several shortfalls will need to be addressed with low priority",(IF(D18>74,"We have identified that very good/excellent systems are in place and that no risk has been identified in this process","Void result")))))))))) | G18: =IF(E18=Lists!$A$6,4,(IF(E18=Lists!$A$7,3,(IF(E18=Lists!$A$8,2,(IF(E18=Lists!$A$9,1,""))))))) | H18: =D18*G18
A19: We are effective at supporting carers, family, neighbours, place and community to support people
A20: We are effective at building capacity and capability in providers from all sectors and sources (voluntary, community, faith-based, social enterprise, private, and public), including the use of funding models to support this
A21: We are consistently taking an enabling, strengths-based approach and using asset-mapping | F21: =(IF(D21=0,"Awaiting value",(IF(AND(D21<25,D21>0),"We have identified failures in the process that pose a significant risk",(IF(AND(D21>24,D21<50),"We have identified risks posed to the systems in place and improvement is required/need to be addressed with medium priority",(IF(AND(D21>49,D21<75),"We have identified no immediate risk is posed to the systems in place, however several shortfalls will need to be addressed with low priority",(IF(D21>74,"We have identified that very good/excellent systems are in place and that no risk has been identified in this process","Void result")))))))))) | G21: =IF(E21=Lists!$A$6,4,(IF(E21=Lists!$A$7,3,(IF(E21=Lists!$A$8,2,(IF(E21=Lists!$A$9,1,""))))))) | H21: =D21*G21
A22: We engage with providers as partners and collaborate with them | F22: =(IF(D22=0,"Awaiting value",(IF(AND(D22<25,D22>0),"We have identified failures in the process that pose a significant risk",(IF(AND(D22>24,D22<50),"We have identified risks posed to the systems in place and improvement is required/need to be addressed with medium priority",(IF(AND(D22>49,D22<75),"We have identified no immediate risk is posed to the systems in place, however several shortfalls will need to be addressed with low priority",(IF(D22>74,"We have identified that very good/excellent systems are in place and that no risk has been identified in this process","Void result")))))))))) | G22: =IF(E22=Lists!$A$6,4,(IF(E22=Lists!$A$7,3,(IF(E22=Lists!$A$8,2,(IF(E22=Lists!$A$9,1,""))))))) | H22: =D22*G22
A23: We effectively balance collaboration and competition | F23: =(IF(D23=0,"Awaiting value",(IF(AND(D23<25,D23>0),"We have identified failures in the process that pose a significant risk",(IF(AND(D23>24,D23<50),"We have identified risks posed to the systems in place and improvement is required/need to be addressed with medium priority",(IF(AND(D23>49,D23<75),"We have identified no immediate risk is posed to the systems in place, however several shortfalls will need to be addressed with low priority",(IF(D23>74,"We have identified that very good/excellent systems are in place and that no risk has been identified in this process","Void result")))))))))) | G23: =IF(E23=Lists!$A$6,4,(IF(E23=Lists!$A$7,3,(IF(E23=Lists!$A$8,2,(IF(E23=Lists!$A$9,1,""))))))) | H23: =D23*G23
A24: We take an effective co-commissioning approach with others to build markets and unlock potential | F24: =(IF(D24=0,"Awaiting value",(IF(AND(D24<25,D24>0),"We have identified failures in the process that pose a significant risk",(IF(AND(D24>24,D24<50),"We have identified risks posed to the systems in place and improvement is required/need to be addressed with medium priority",(IF(AND(D24>49,D24<75),"We have identified no immediate risk is posed to the systems in place, however several shortfalls will need to be addressed with low priority",(IF(D24>74,"We have identified that very good/excellent systems are in place and that no risk has been identified in this process","Void result")))))))))) | G24: =IF(E24=Lists!$A$6,4,(IF(E24=Lists!$A$7,3,(IF(E24=Lists!$A$8,2,(IF(E24=Lists!$A$9,1,""))))))) | H24: =D24*G24
A25: We take an asset-based commissioning approach | F25: =(IF(D25=0,"Awaiting value",(IF(AND(D25<25,D25>0),"We have identified failures in the process that pose a significant risk",(IF(AND(D25>24,D25<50),"We have identified risks posed to the systems in place and improvement is required/need to be addressed with medium priority",(IF(AND(D25>49,D25<75),"We have identified no immediate risk is posed to the systems in place, however several shortfalls will need to be addressed with low priority",(IF(D25>74,"We have identified that very good/excellent systems are in place and that no risk has been identified in this process","Void result")))))))))) | G25: =IF(E25=Lists!$A$6,4,(IF(E25=Lists!$A$7,3,(IF(E25=Lists!$A$8,2,(IF(E25=Lists!$A$9,1,""))))))) | H25: =D25*G25
A26: We have strong market insight (including an understanding of current delivery models, strengths, weaknesses, costs, pressures, satisfaction rates and quality of care), market making and market management capability, which is protected from other pressures | F26: =(IF(D26=0,"Awaiting value",(IF(AND(D26<25,D26>0),"We have identified failures in the process that pose a significant risk",(IF(AND(D26>24,D26<50),"We have identified risks posed to the systems in place and improvement is required/need to be addressed with medium priority",(IF(AND(D26>49,D26<75),"We have identified no immediate risk is posed to the systems in place, however several shortfalls will need to be addressed with low priority",(IF(D26>74,"We have identified that very good/excellent systems are in place and that no risk has been identified in this process","Void result")))))))))) | G26: =IF(E26=Lists!$A$6,4,(IF(E26=Lists!$A$7,3,(IF(E26=Lists!$A$8,2,(IF(E26=Lists!$A$9,1,""))))))) | H26: =D26*G26
A27: We are providing funding and support that takes a long-term view and looks at impacts including social justice | F27: =(IF(D27=0,"Awaiting value",(IF(AND(D27<25,D27>0),"We have identified failures in the process that pose a significant risk",(IF(AND(D27>24,D27<50),"We have identified risks posed to the systems in place and improvement is required/need to be addressed with medium priority",(IF(AND(D27>49,D27<75),"We have identified no immediate risk is posed to the systems in place, however several shortfalls will need to be addressed with low priority",(IF(D27>74,"We have identified that very good/excellent systems are in place and that no risk has been identified in this process","Void result")))))))))) | G27: =IF(E27=Lists!$A$6,4,(IF(E27=Lists!$A$7,3,(IF(E27=Lists!$A$8,2,(IF(E27=Lists!$A$9,1,""))))))) | H27: =D27*G27
A28: We take into account the local economic impact of our spending | F28: =(IF(D28=0,"Awaiting value",(IF(AND(D28<25,D28>0),"We have identified failures in the process that pose a significant risk",(IF(AND(D28>24,D28<50),"We have identified risks posed to the systems in place and improvement is required/need to be addressed with medium priority",(IF(AND(D28>49,D28<75),"We have identified no immediate risk is posed to the systems in place, however several shortfalls will need to be addressed with low priority",(IF(D28>74,"We have identified that very good/excellent systems are in place and that no risk has been identified in this process","Void result")))))))))) | G28: =IF(E28=Lists!$A$6,4,(IF(E28=Lists!$A$7,3,(IF(E28=Lists!$A$8,2,(IF(E28=Lists!$A$9,1,""))))))) | H28: =D28*G28
A29: We have a good understanding of current workforce capacity, capability and needs across all employers, and we are actively supporting ongoing workforce development | F29: =(IF(D29=0,"Awaiting value",(IF(AND(D29<25,D29>0),"We have identified failures in the process that pose a significant risk",(IF(AND(D29>24,D29<50),"We have identified risks posed to the systems in place and improvement is required/need to be addressed with medium priority",(IF(AND(D29>49,D29<75),"We have identified no immediate risk is posed to the systems in place, however several shortfalls will need to be addressed with low priority",(IF(D29>74,"We have identified that very good/excellent systems are in place and that no risk has been identified in this process","Void result")))))))))) | G29: =IF(E29=Lists!$A$6,4,(IF(E29=Lists!$A$7,3,(IF(E29=Lists!$A$8,2,(IF(E29=Lists!$A$9,1,""))))))) | H29: =D29*G29
A30: Our community and voluntary sector is well developed and capable | F30: =(IF(D30=0,"Awaiting value",(IF(AND(D30<25,D30>0),"We have identified failures in the process that pose a significant risk",(IF(AND(D30>24,D30<50),"We have identified risks posed to the systems in place and improvement is required/need to be addressed with medium priority",(IF(AND(D30>49,D30<75),"We have identified no immediate risk is posed to the systems in place, however several shortfalls will need to be addressed with low priority",(IF(D30>74,"We have identified that very good/excellent systems are in place and that no risk has been identified in this process","Void result")))))))))) | G30: =IF(E30=Lists!$A$6,4,(IF(E30=Lists!$A$7,3,(IF(E30=Lists!$A$8,2,(IF(E30=Lists!$A$9,1,""))))))) | H30: =D30*G30
A31: Our market is well developed and capable, and focused on a strengths-based approach | F31: =(IF(D31=0,"Awaiting value",(IF(AND(D31<25,D31>0),"We have identified failures in the process that pose a significant risk",(IF(AND(D31>24,D31<50),"We have identified risks posed to the systems in place and improvement is required/need to be addressed with medium priority",(IF(AND(D31>49,D31<75),"We have identified no immediate risk is posed to the systems in place, however several shortfalls will need to be addressed with low priority",(IF(D31>74,"We have identified that very good/excellent systems are in place and that no risk has been identified in this process","Void result")))))))))) | G31: =IF(E31=Lists!$A$6,4,(IF(E31=Lists!$A$7,3,(IF(E31=Lists!$A$8,2,(IF(E31=Lists!$A$9,1,""))))))) | H31: =D31*G31
A35: Part E - Review and confirm your overall score
A36: Calculated overall notional score for this aspect | B36: =(SUM(H18:H31))/(SUM(G18:G31))
A37: Our assessment Your confirmation of the score (Please enter a number between 0 and 100) | C37: =(IF(B37=0,"Awaiting value",(IF(AND(B37<25,B37>0),"We have identified failures in the process that pose a significant risk",(IF(AND(B37>24,B37<50),"We have identified risks posed to the systems in place and improvement is required/need to be addressed with medium priority",(IF(AND(B37>49,B37<75),"We have identified no immediate risk is posed to the systems in place, however several shortfalls will need to be addressed with low priority",(IF(B37>74,"We have identified that very good/excellent systems are in place and that no risk has been identified in this process","Void result"))))))))))
A39: Part F - Identify enabling and constraining factors
A40: What factors most constrain and most enable your room to manoeuvre as commissioners?
A41: Part F - to be completed as a final stage following discussion on this aspect. In your discussion think about any factors that you feel will enable or constrain your work with particular reference to the impact on this commissioning aspect. Please detail below the 3 most significant enabling and 3 most significant constraining factors.
A42: Most enabling factors | B42: Most constraining factors
A43: 1 | B43: 1
A44: 2 | B44: 2
A45: 3 | B45: 3

Sheet User&Outcome centred
A1: Step 3 Aspect 4
A2: Return to Contents
A3: User and outcome-centred
A4: Citizens are in charge of their own care, and their assessment of whether they got what they needed is how we measure our success
A5: Pre reading : Before completing this worksheet - read the document 'User and outcome-centred' - which summarises this aspect and includes the case studies, dynamic tensions and equalities issues | C5: Link to pre-reading Pre-reading for Commissioning Aspects 1-8
A6: Part A - having read the pre-reading material, discuss the case studies, dynamic tensions and equalities and equity considerations.
A7: It is recommended that you keep your discussions in mind when reviewing the statements below
A8: High and low scoring case studies | B8: Please enter your comments
A9: What are your immediate thoughts relating to the high or low scoring councils in the case studies for this apsect?
A10: How are you handling these dynamic tensions?
A11: The tension between the (in)appropriateness of a ‘one size fits all’ approach and the benefits of consistency.
A13: How are you ensuring equality and equity?
A14: Equality and equity must be central to this aspect, because making assumptions about care outcomes or forcing individuals into standardised processes, services, and systems of care presents perhaps the greatest risk to a fair and equitable system. At the same time, attempts to ‘put citizens in the driving seat’ also risk a bias towards historically privileged groups and meeting or supporting the needs of those who are best able to access decision-makers and communicate in familiar and accepted ways. Therefore, co-production and advocacy must enable appropriate representation and must be done in a way and in a context that guards against these risks.
A16: Part B,C,D - discuss each of the statements below and record your observation, score each, select your weighting
A17: Statements | B17: Please record your observations from dialogue | C17: How well do we think we are doing - on a scale of 0 (worst) to 100 (Best)? | D17: Score assigned | E17: Your weighting within this aspect | F17: Quick assessment | G17: Weighting | H17: Score
A18: We have real engagement that informs our understanding of the needs (including unmet needs) of people in our area | F18: =(IF(D18=0,"Awaiting value",(IF(AND(D18<25,D18>0),"We have identified failures in the process that pose a significant risk",(IF(AND(D18>24,D18<50),"We have identified risks posed to the systems in place and improvement is required/need to be addressed with medium priority",(IF(AND(D18>49,D18<75),"We have identified no immediate risk is posed to the systems in place, however several shortfalls will need to be addressed with low priority",(IF(D18>74,"We have identified that very good/excellent systems are in place and that no risk has been identified in this process","Void result")))))))))) | G18: =IF(E18=Lists!$A$6,4,(IF(E18=Lists!$A$7,3,(IF(E18=Lists!$A$8,2,(IF(E18=Lists!$A$9,1,""))))))) | H18: =D18*G18
A19: We are taking outcomes-led approaches, by learning from, and defining success by, real change on the ground reported by citizens and communities | F19: =(IF(D19=0,"Awaiting value",(IF(AND(D19<25,D19>0),"We have identified failures in the process that pose a significant risk",(IF(AND(D19>24,D19<50),"We have identified risks posed to the systems in place and improvement is required/need to be addressed with medium priority",(IF(AND(D19>49,D19<75),"We have identified no immediate risk is posed to the systems in place, however several shortfalls will need to be addressed with low priority",(IF(D19>74,"We have identified that very good/excellent systems are in place and that no risk has been identified in this process","Void result")))))))))) | G19: =IF(E19=Lists!$A$6,4,(IF(E19=Lists!$A$7,3,(IF(E19=Lists!$A$8,2,(IF(E19=Lists!$A$9,1,""))))))) | H19: =D19*G19
A20: Equity is at the heart of our commissioning approach, seeking to identify real needs rather than make assumptions about what is needed | F20: =(IF(D20=0,"Awaiting value",(IF(AND(D20<25,D20>0),"We have identified failures in the process that pose a significant risk",(IF(AND(D20>24,D20<50),"We have identified risks posed to the systems in place and improvement is required/need to be addressed with medium priority",(IF(AND(D20>49,D20<75),"We have identified no immediate risk is posed to the systems in place, however several shortfalls will need to be addressed with low priority",(IF(D20>74,"We have identified that very good/excellent systems are in place and that no risk has been identified in this process","Void result")))))))))) | G20: =IF(E20=Lists!$A$6,4,(IF(E20=Lists!$A$7,3,(IF(E20=Lists!$A$8,2,(IF(E20=Lists!$A$9,1,""))))))) | H20: =D20*G20
A21: We have a commitment to co-production at all stages of the commissioning cycle, including analysis, design, decision-making, delivery, and governance with all users, stakeholders, and especially excluded groups. This is evidenced by what is happening in practice. | F21: =(IF(D21=0,"Awaiting value",(IF(AND(D21<25,D21>0),"We have identified failures in the process that pose a significant risk",(IF(AND(D21>24,D21<50),"We have identified risks posed to the systems in place and improvement is required/need to be addressed with medium priority",(IF(AND(D21>49,D21<75),"We have identified no immediate risk is posed to the systems in place, however several shortfalls will need to be addressed with low priority",(IF(D21>74,"We have identified that very good/excellent systems are in place and that no risk has been identified in this process","Void result")))))))))) | G21: =IF(E21=Lists!$A$6,4,(IF(E21=Lists!$A$7,3,(IF(E21=Lists!$A$8,2,(IF(E21=Lists!$A$9,1,""))))))) | H21: =D21*G21
A22: We look at the whole experience of need and care from the citizen point of view, as opposed to our service, assessment, and process silos | F22: =(IF(D22=0,"Awaiting value",(IF(AND(D22<25,D22>0),"We have identified failures in the process that pose a significant risk",(IF(AND(D22>24,D22<50),"We have identified risks posed to the systems in place and improvement is required/need to be addressed with medium priority",(IF(AND(D22>49,D22<75),"We have identified no immediate risk is posed to the systems in place, however several shortfalls will need to be addressed with low priority",(IF(D22>74,"We have identified that very good/excellent systems are in place and that no risk has been identified in this process","Void result")))))))))) | G22: =IF(E22=Lists!$A$6,4,(IF(E22=Lists!$A$7,3,(IF(E22=Lists!$A$8,2,(IF(E22=Lists!$A$9,1,""))))))) | H22: =D22*G22
A23: We are making the way into care and support clear and accessible to all, including self-funders | F23: =(IF(D23=0,"Awaiting value",(IF(AND(D23<25,D23>0),"We have identified failures in the process that pose a significant risk",(IF(AND(D23>24,D23<50),"We have identified risks posed to the systems in place and improvement is required/need to be addressed with medium priority",(IF(AND(D23>49,D23<75),"We have identified no immediate risk is posed to the systems in place, however several shortfalls will need to be addressed with low priority",(IF(D23>74,"We have identified that very good/excellent systems are in place and that no risk has been identified in this process","Void result")))))))))) | G23: =IF(E23=Lists!$A$6,4,(IF(E23=Lists!$A$7,3,(IF(E23=Lists!$A$8,2,(IF(E23=Lists!$A$9,1,""))))))) | H23: =D23*G23
A24: We are influencing the approach of the whole council and partners in a way consistent with user and outcome-centred working | F24: =(IF(D24=0,"Awaiting value",(IF(AND(D24<25,D24>0),"We have identified failures in the process that pose a significant risk",(IF(AND(D24>24,D24<50),"We have identified risks posed to the systems in place and improvement is required/need to be addressed with medium priority",(IF(AND(D24>49,D24<75),"We have identified no immediate risk is posed to the systems in place, however several shortfalls will need to be addressed with low priority",(IF(D24>74,"We have identified that very good/excellent systems are in place and that no risk has been identified in this process","Void result")))))))))) | G24: =IF(E24=Lists!$A$6,4,(IF(E24=Lists!$A$7,3,(IF(E24=Lists!$A$8,2,(IF(E24=Lists!$A$9,1,""))))))) | H24: =D24*G24
A25: Local system leaders and partners are brave and ambitious about user focus | F25: =(IF(D25=0,"Awaiting value",(IF(AND(D25<25,D25>0),"We have identified failures in the process that pose a significant risk",(IF(AND(D25>24,D25<50),"We have identified risks posed to the systems in place and improvement is required/need to be addressed with medium priority",(IF(AND(D25>49,D25<75),"We have identified no immediate risk is posed to the systems in place, however several shortfalls will need to be addressed with low priority",(IF(D25>74,"We have identified that very good/excellent systems are in place and that no risk has been identified in this process","Void result")))))))))) | G25: =IF(E25=Lists!$A$6,4,(IF(E25=Lists!$A$7,3,(IF(E25=Lists!$A$8,2,(IF(E25=Lists!$A$9,1,""))))))) | H25: =D25*G25
A26: We have a good understanding of how the local political ideology informs our commissioning | F26: =(IF(D26=0,"Awaiting value",(IF(AND(D26<25,D26>0),"We have identified failures in the process that pose a significant risk",(IF(AND(D26>24,D26<50),"We have identified risks posed to the systems in place and improvement is required/need to be addressed with medium priority",(IF(AND(D26>49,D26<75),"We have identified no immediate risk is posed to the systems in place, however several shortfalls will need to be addressed with low priority",(IF(D26>74,"We have identified that very good/excellent systems are in place and that no risk has been identified in this process","Void result")))))))))) | G26: =IF(E26=Lists!$A$6,4,(IF(E26=Lists!$A$7,3,(IF(E26=Lists!$A$8,2,(IF(E26=Lists!$A$9,1,""))))))) | H26: =D26*G26
A27: We consistently prefer engagement and outcome-focused methods to time-and-task methods | F27: =(IF(D27=0,"Awaiting value",(IF(AND(D27<25,D27>0),"We have identified failures in the process that pose a significant risk",(IF(AND(D27>24,D27<50),"We have identified risks posed to the systems in place and improvement is required/need to be addressed with medium priority",(IF(AND(D27>49,D27<75),"We have identified no immediate risk is posed to the systems in place, however several shortfalls will need to be addressed with low priority",(IF(D27>74,"We have identified that very good/excellent systems are in place and that no risk has been identified in this process","Void result")))))))))) | G27: =IF(E27=Lists!$A$6,4,(IF(E27=Lists!$A$7,3,(IF(E27=Lists!$A$8,2,(IF(E27=Lists!$A$9,1,""))))))) | H27: =D27*G27
A28: We are making effective use of technology to empower citizens and support care | F28: =(IF(D28=0,"Awaiting value",(IF(AND(D28<25,D28>0),"We have identified failures in the process that pose a significant risk",(IF(AND(D28>24,D28<50),"We have identified risks posed to the systems in place and improvement is required/need to be addressed with medium priority",(IF(AND(D28>49,D28<75),"We have identified no immediate risk is posed to the systems in place, however several shortfalls will need to be addressed with low priority",(IF(D28>74,"We have identified that very good/excellent systems are in place and that no risk has been identified in this process","Void result")))))))))) | G28: =IF(E28=Lists!$A$6,4,(IF(E28=Lists!$A$7,3,(IF(E28=Lists!$A$8,2,(IF(E28=Lists!$A$9,1,""))))))) | H28: =D28*G28
A29: Our citizens are informed about human rights (including disability rights) and are pushing for citizen control | F29: =(IF(D29=0,"Awaiting value",(IF(AND(D29<25,D29>0),"We have identified failures in the process that pose a significant risk",(IF(AND(D29>24,D29<50),"We have identified risks posed to the systems in place and improvement is required/need to be addressed with medium priority",(IF(AND(D29>49,D29<75),"We have identified no immediate risk is posed to the systems in place, however several shortfalls will need to be addressed with low priority",(IF(D29>74,"We have identified that very good/excellent systems are in place and that no risk has been identified in this process","Void result")))))))))) | G29: =IF(E29=Lists!$A$6,4,(IF(E29=Lists!$A$7,3,(IF(E29=Lists!$A$8,2,(IF(E29=Lists!$A$9,1,""))))))) | H29: =D29*G29
... A32: We measure and respond to services user, carer, and advocate satisfaction in relation to care and support services, and satisfaction is high | F32: =(IF(D32=0,"Awaiting value",(IF(AND(D32<25,D32>0),"We have identified failures in the process that pose a significant risk",(IF(AND(D32>24,D32<50),"We have identified risks posed to the systems in place and improvement is required/need to be addressed with medium priority",(IF(AND(D32>49,D32<75),"We have identified no immediate risk is posed to the systems in place, however several shortfalls will need to be addressed with low priority",(IF(D32>74,"We have identified that very good/excellent systems are in place and that no risk has been identified in this process","Void result")))))))))) | G32: =IF(E32=Lists!$A$6,4,(IF(E32=Lists!$A$7,3,(IF(E32=Lists!$A$8,2,(IF(E32=Lists!$A$9,1,""))))))) | H32: =D32*G32
A35: Part E - Review and confirm your overall score
A36: Calculated overall notional score for this aspect | B36: =(SUM(H18:H32))/(SUM(G18:G32))
A37: Our assessment Your confirmation of the score (Please enter a number between 0 and 100) | C37: =(IF(B37=0,"Awaiting value",(IF(AND(B37<25,B37>0),"We have identified failures in the process that pose a significant risk",(IF(AND(B37>24,B37<50),"We have identified risks posed to the systems in place and improvement is required/need to be addressed with medium priority",(IF(AND(B37>49,B37<75),"We have identified no immediate risk is posed to the systems in place, however several shortfalls will need to be addressed with low priority",(IF(B37>74,"We have identified that very good/excellent systems are in place and that no risk has been identified in this process","Void result"))))))))))
A39: Part F - Identify enabling and constraining factors
A40: What factors most constrain and most enable your room to manoeuvre as commissioners?
A41: Part F - to be completed as a final stage following discussion on this aspect. In your discussion think about any factors that you feel will enable or constrain your work with particular reference to the impact on this commissioning aspect. Please detail below the 3 most significant enabling and 3 most significant constraining factors.
A42: Most enabling factors | B42: Most constraining factors
A43: 1 | B43: 1
A44: 2 | B44: 2
A45: 3 | B45: 3

Sheet Info, Insight&Innovation
A1: Step 3 Aspect 5
A2: Return to Contents
A3: Information, insight and innovation
A4: A commissioning aspect that emphasises commissioning innovation and creativity, based on solid information, insight
A5: Pre reading: Before completing this worksheet - read the document 'Relationships and organisation across the system ' - which summarises this aspect and includes the case studies, dynamic tensions and equalities issues | C5: Link to pre-reading Pre-reading for Commissioning Aspects 1-8
A6: Part A - having read the pre-reading material, discuss the case studies, dynamic tensions and equalities and equity considerations.
A7: It is recommended that you keep your discussions in mind when reviewing the statements below
A8: High and low scoring case studies | B8: Please enter your comments
A9: What are your immediate thoughts relating to the high or low scoring councils in the case studies for this apsect?
A10: How are you handling these dynamic tensions?
A11: The tension between cold, analytic ‘objective’ data and the warm/thick data from the richness of peoples’ lives.
A13: How are you ensuring equality and equity?
A14: Without good information, the opportunity to innovate and change, and the skill to do so, the cause of equality and equity cannot be effectively advanced. Care must be taken not to make insights a reflection of our own prejudices. Engaging excluded voices and welcoming active challenge is one powerful tool to guard against this. It is important to establish and stick to agreed values in this space. The inequality in power dynamics between commissioners and populations becomes starker when commissioners are more powerful and more effective, but effective commissioners can also be the most direct route towards redressing this balance. Empowering communities as you empower yourself as a commissioner is a powerful way to address this paradox.
A16: Part B,C,D - discuss each of the statements below and record your observation, score each, select your weighting
A17: Statements | B17: Please record your observations from dialogue | C17: How well do we think we are doing - on a scale of 0 (worst) to 100 (Best)? | D17: Score assigned | E17: Your weighting within this aspect | F17: Quick assessment | G17: Weighting | H17: Score
A18: We have an ambitious and clear adaptive route map for change, with a shared view of what commissioning is | F18: =(IF(D18=0,"Awaiting value",(IF(AND(D18<25,D18>0),"We have identified failures in the process that pose a significant risk",(IF(AND(D18>24,D18<50),"We have identified risks posed to the systems in place and improvement is required/need to be addressed with medium priority",(IF(AND(D18>49,D18<75),"We have identified no immediate risk is posed to the systems in place, however several shortfalls will need to be addressed with low priority",(IF(D18>74,"We have identified that very good/excellent systems are in place and that no risk has been identified in this process","Void result")))))))))) | G18: =IF(E18=Lists!$A$6,4,(IF(E18=Lists!$A$7,3,(IF(E18=Lists!$A$8,2,(IF(E18=Lists!$A$9,1,""))))))) | H18: =D18*G18
A19: We have a culture of innovation, experimentation, and learning from failure (and success) | F19: =(IF(D19=0,"Awaiting value",(IF(AND(D19<25,D19>0),"We have identified failures in the process that pose a significant risk",(IF(AND(D19>24,D19<50),"We have identified risks posed to the systems in place and improvement is required/need to be addressed with medium priority",(IF(AND(D19>49,D19<75),"We have identified no immediate risk is posed to the systems in place, however several shortfalls will need to be addressed with low priority",(IF(D19>74,"We have identified that very good/excellent systems are in place and that no risk has been identified in this process","Void result")))))))))) | G19: =IF(E19=Lists!$A$6,4,(IF(E19=Lists!$A$7,3,(IF(E19=Lists!$A$8,2,(IF(E19=Lists!$A$9,1,""))))))) | H19: =D19*G19
A20: We commission from a values-driven position, taking responsibility for outcomes while avoiding the ‘heroic’ mode of ‘fixing everything’, in favour of an enabling approach where people feel involved and part of designing and implementing things that matter to them | F20: =(IF(D20=0,"Awaiting value",(IF(AND(D20<25,D20>0),"We have identified failures in the process that pose a significant risk",(IF(AND(D20>24,D20<50),"We have identified risks posed to the systems in place and improvement is required/need to be addressed with medium priority",(IF(AND(D20>49,D20<75),"We have identified no immediate risk is posed to the systems in place, however several shortfalls will need to be addressed with low priority",(IF(D20>74,"We have identified that very good/excellent systems are in place and that no risk has been identified in this process","Void result")))))))))) | G20: =IF(E20=Lists!$A$6,4,(IF(E20=Lists!$A$7,3,(IF(E20=Lists!$A$8,2,(IF(E20=Lists!$A$9,1,""))))))) | H20: =D20*G20
A21: We are able to connect small-scale tests of change with larger strategic bets | F21: =(IF(D21=0,"Awaiting value",(IF(AND(D21<25,D21>0),"We have identified failures in the process that pose a significant risk",(IF(AND(D21>24,D21<50),"We have identified risks posed to the systems in place and improvement is required/need to be addressed with medium priority",(IF(AND(D21>49,D21<75),"We have identified no immediate risk is posed to the systems in place, however several shortfalls will need to be addressed with low priority",(IF(D21>74,"We have identified that very good/excellent systems are in place and that no risk has been identified in this process","Void result")))))))))) | G21: =IF(E21=Lists!$A$6,4,(IF(E21=Lists!$A$7,3,(IF(E21=Lists!$A$8,2,(IF(E21=Lists!$A$9,1,""))))))) | H21: =D21*G21
A22: We have, and share, data from across the whole system, including unmet needs, and we have an active "knowledge management" system | F22: =(IF(D22=0,"Awaiting value",(IF(AND(D22<25,D22>0),"We have identified failures in the process that pose a significant risk",(IF(AND(D22>24,D22<50),"We have identified risks posed to the systems in place and improvement is required/need to be addressed with medium priority",(IF(AND(D22>49,D22<75),"We have identified no immediate risk is posed to the systems in place, however several shortfalls will need to be addressed with low priority",(IF(D22>74,"We have identified that very good/excellent systems are in place and that no risk has been identified in this process","Void result")))))))))) | G22: =IF(E22=Lists!$A$6,4,(IF(E22=Lists!$A$7,3,(IF(E22=Lists!$A$8,2,(IF(E22=Lists!$A$9,1,""))))))) | H22: =D22*G22
A23: We seek external challenge, peer review, coaching, active learning, development, and reflective practice | F23: =(IF(D23=0,"Awaiting value",(IF(AND(D23<25,D23>0),"We have identified failures in the process that pose a significant risk",(IF(AND(D23>24,D23<50),"We have identified risks posed to the systems in place and improvement is required/need to be addressed with medium priority",(IF(AND(D23>49,D23<75),"We have identified no immediate risk is posed to the systems in place, however several shortfalls will need to be addressed with low priority",(IF(D23>74,"We have identified that very good/excellent systems are in place and that no risk has been identified in this process","Void result")))))))))) | G23: =IF(E23=Lists!$A$6,4,(IF(E23=Lists!$A$7,3,(IF(E23=Lists!$A$8,2,(IF(E23=Lists!$A$9,1,""))))))) | H23: =D23*G23
A24: We have strong analysis and performance management, presented and communicated honestly and effectively | F24: =(IF(D24=0,"Awaiting value",(IF(AND(D24<25,D24>0),"We have identified failures in the process that pose a significant risk",(IF(AND(D24>24,D24<50),"We have identified risks posed to the systems in place and improvement is required/need to be addressed with medium priority",(IF(AND(D24>49,D24<75),"We have identified no immediate risk is posed to the systems in place, however several shortfalls will need to be addressed with low priority",(IF(D24>74,"We have identified that very good/excellent systems are in place and that no risk has been identified in this process","Void result")))))))))) | G24: =IF(E24=Lists!$A$6,4,(IF(E24=Lists!$A$7,3,(IF(E24=Lists!$A$8,2,(IF(E24=Lists!$A$9,1,""))))))) | H24: =D24*G24
A25: We have skilled, experienced, confident commissioners with the trust of decision-makers | F25: =(IF(D25=0,"Awaiting value",(IF(AND(D25<25,D25>0),"We have identified failures in the process that pose a significant risk",(IF(AND(D25>24,D25<50),"We have identified risks posed to the systems in place and improvement is required/need to be addressed with medium priority",(IF(AND(D25>49,D25<75),"We have identified no immediate risk is posed to the systems in place, however several shortfalls will need to be addressed with low priority",(IF(D25>74,"We have identified that very good/excellent systems are in place and that no risk has been identified in this process","Void result")))))))))) | G25: =IF(E25=Lists!$A$6,4,(IF(E25=Lists!$A$7,3,(IF(E25=Lists!$A$8,2,(IF(E25=Lists!$A$9,1,""))))))) | H25: =D25*G25
A26: We are powerfully advocating for commissioning and leading by example | F26: =(IF(D26=0,"Awaiting value",(IF(AND(D26<25,D26>0),"We have identified failures in the process that pose a significant risk",(IF(AND(D26>24,D26<50),"We have identified risks posed to the systems in place and improvement is required/need to be addressed with medium priority",(IF(AND(D26>49,D26<75),"We have identified no immediate risk is posed to the systems in place, however several shortfalls will need to be addressed with low priority",(IF(D26>74,"We have identified that very good/excellent systems are in place and that no risk has been identified in this process","Void result")))))))))) | G26: =IF(E26=Lists!$A$6,4,(IF(E26=Lists!$A$7,3,(IF(E26=Lists!$A$8,2,(IF(E26=Lists!$A$9,1,""))))))) | H26: =D26*G26
A27: We understand the history of our provider marketplace, the current state, and levels of change and engagement | F27: =(IF(D27=0,"Awaiting value",(IF(AND(D27<25,D27>0),"We have identified failures in the process that pose a significant risk",(IF(AND(D27>24,D27<50),"We have identified risks posed to the systems in place and improvement is required/need to be addressed with medium priority",(IF(AND(D27>49,D27<75),"We have identified no immediate risk is posed to the systems in place, however several shortfalls will need to be addressed with low priority",(IF(D27>74,"We have identified that very good/excellent systems are in place and that no risk has been identified in this process","Void result")))))))))) | G27: =IF(E27=Lists!$A$6,4,(IF(E27=Lists!$A$7,3,(IF(E27=Lists!$A$8,2,(IF(E27=Lists!$A$9,1,""))))))) | H27: =D27*G27
A28: We close the loop from information gathering to decision-making, commissioning, and learning from outcomes | F28: =(IF(D28=0,"Awaiting value",(IF(AND(D28<25,D28>0),"We have identified failures in the process that pose a significant risk",(IF(AND(D28>24,D28<50),"We have identified risks posed to the systems in place and improvement is required/need to be addressed with medium priority",(IF(AND(D28>49,D28<75),"We have identified no immediate risk is posed to the systems in place, however several shortfalls will need to be addressed with low priority",(IF(D28>74,"We have identified that very good/excellent systems are in place and that no risk has been identified in this process","Void result")))))))))) | G28: =IF(E28=Lists!$A$6,4,(IF(E28=Lists!$A$7,3,(IF(E28=Lists!$A$8,2,(IF(E28=Lists!$A$9,1,""))))))) | H28: =D28*G28
A29: We have an understanding of different funding streams, spending conditions and incentives | F29: =(IF(D29=0,"Awaiting value",(IF(AND(D29<25,D29>0),"We have identified failures in the process that pose a significant risk",(IF(AND(D29>24,D29<50),"We have identified risks posed to the systems in place and improvement is required/need to be addressed with medium priority",(IF(AND(D29>49,D29<75),"We have identified no immediate risk is posed to the systems in place, however several shortfalls will need to be addressed with low priority",(IF(D29>74,"We have identified that very good/excellent systems are in place and that no risk has been identified in this process","Void result")))))))))) | G29: =IF(E29=Lists!$A$6,4,(IF(E29=Lists!$A$7,3,(IF(E29=Lists!$A$8,2,(IF(E29=Lists!$A$9,1,""))))))) | H29: =D29*G29
... A31: Strategic leaders have the capacity and resource to engage with us | F31: =(IF(D31=0,"Awaiting value",(IF(AND(D31<25,D31>0),"We have identified failures in the process that pose a significant risk",(IF(AND(D31>24,D31<50),"We have identified risks posed to the systems in place and improvement is required/need to be addressed with medium priority",(IF(AND(D31>49,D31<75),"We have identified no immediate risk is posed to the systems in place, however several shortfalls will need to be addressed with low priority",(IF(D31>74,"We have identified that very good/excellent systems are in place and that no risk has been identified in this process","Void result")))))))))) | G31: =IF(E31=Lists!$A$6,4,(IF(E31=Lists!$A$7,3,(IF(E31=Lists!$A$8,2,(IF(E31=Lists!$A$9,1,""))))))) | H31: =D31*G31
A35: Part E - Review and confirm your overall score
A36: Calculated overall notional score for this aspect | B36: =(SUM(H18:H31))/(SUM(G18:G31))
A37: Our assessment Your confirmation of the score (Please enter a number between 0 and 100) | C37: =(IF(B37=0,"Awaiting value",(IF(AND(B37<25,B37>0),"We have identified failures in the process that pose a significant risk",(IF(AND(B37>24,B37<50),"We have identified risks posed to the systems in place and improvement is required/need to be addressed with medium priority",(IF(AND(B37>49,B37<75),"We have identified no immediate risk is posed to the systems in place, however several shortfalls will need to be addressed with low priority",(IF(B37>74,"We have identified that very good/excellent systems are in place and that no risk has been identified in this process","Void result"))))))))))
A39: Part F - Identify enabling and constraining factors
A40: What factors most constrain and most enable your room to manoeuvre as commissioners?
A41: Part F - to be completed as a final stage following discussion on this aspect. In your discussion think about any factors that you feel will enable or constrain your work with particular reference to the impact on this commissioning aspect. Please detail below the 3 most significant enabling and 3 most significant constraining factors.
A42: Most enabling factors | B42: Most constraining factors
A43: 1 | B43: 1
A44: 2 | B44: 2
A45: 3 | B45: 3

Sheet Managing policy & compliance
A1: Step 3 Aspect 6
A2: Return to Contents
A3: Managing the policy and compliance landscape
A4: Meeting, interpreting, and actively shaping the policy and legal requirements that we have to work within
A5: Pre reading: Before completing this worksheet - read the document 'Managing the policy and compliance landscape' - which summarises this aspect and includes the case studies, dynamic tensions and equalities issues | C5: Link to pre-reading Pre-reading for Commissioning Aspects 1-8
A6: Part A - having read the pre-reading material, discuss the case studies, dynamic tensions and equalities and equity considerations.
A7: It is recommended that you keep your discussions in mind when reviewing the statements below
A8: High and low scoring case studies | B8: Please enter your comments
A9: What are your immediate thoughts relating to the high or low scoring councils in the case studies for this apsect?
A10: How are you handling these dynamic tensions?
A11: The tension between the policy position, what the data says is best, and what our personal values and experiences suggest is best.
A13: How are you ensuring equality and equity?
A14: A strong policy and compliance approach to equality is very important, as is responding to compliance requirements with equality and equity in mind. It is important to recognise that compliance with regulation is not a full answer to supporting equality, diversity, and inclusion, but just the beginning.
A16: Part B,C,D - discuss each of the statements below and record your observation, score each, select your weighting
A17: Statements | B17: Please record your observations from dialogue | C17: How well do we think we are doing - on a scale of 0 (worst) to 100 (Best)? | D17: Score assigned | E17: Your weighting within this aspect | F17: Quick assessment | G17: Weighting | H17: Score
A18: We understand and are complying with the core constraints and enablers of commissioning through active engagement with existing and current legislative and inspection requirements | F18: =(IF(D18=0,"Awaiting value",(IF(AND(D18<25,D18>0),"We have identified failures in the process that pose a significant risk",(IF(AND(D18>24,D18<50),"We have identified risks posed to the systems in place and improvement is required/need to be addressed with medium priority",(IF(AND(D18>49,D18<75),"We have identified no immediate risk is posed to the systems in place, however several shortfalls will need to be addressed with low priority",(IF(D18>74,"We have identified that very good/excellent systems are in place and that no risk has been identified in this process","Void result")))))))))) | G18: =IF(E18=Lists!$A$6,4,(IF(E18=Lists!$A$7,3,(IF(E18=Lists!$A$8,2,(IF(E18=Lists!$A$9,1,""))))))) | H18: =D18*G18
A19: We understand how to manage compliance and get permission to extend capabilities when appropriate
A20: We have a proactive and dynamic risk appetite
A21: We use our insight and intelligence to inform and influence senior decision making effectively | F21: =(IF(D21=0,"Awaiting value",(IF(AND(D21<25,D21>0),"We have identified failures in the process that pose a significant risk",(IF(AND(D21>24,D21<50),"We have identified risks posed to the systems in place and improvement is required/need to be addressed with medium priority",(IF(AND(D21>49,D21<75),"We have identified no immediate risk is posed to the systems in place, however several shortfalls will need to be addressed with low priority",(IF(D21>74,"We have identified that very good/excellent systems are in place and that no risk has been identified in this process","Void result")))))))))) | G21: =IF(E21=Lists!$A$6,4,(IF(E21=Lists!$A$7,3,(IF(E21=Lists!$A$8,2,(IF(E21=Lists!$A$9,1,""))))))) | H21: =D21*G21
A22: We create effective practice, policy and guidance | F22: =(IF(D22=0,"Awaiting value",(IF(AND(D22<25,D22>0),"We have identified failures in the process that pose a significant risk",(IF(AND(D22>24,D22<50),"We have identified risks posed to the systems in place and improvement is required/need to be addressed with medium priority",(IF(AND(D22>49,D22<75),"We have identified no immediate risk is posed to the systems in place, however several shortfalls will need to be addressed with low priority",(IF(D22>74,"We have identified that very good/excellent systems are in place and that no risk has been identified in this process","Void result")))))))))) | G22: =IF(E22=Lists!$A$6,4,(IF(E22=Lists!$A$7,3,(IF(E22=Lists!$A$8,2,(IF(E22=Lists!$A$9,1,""))))))) | H22: =D22*G22
A23: We are playing an active role in shaping council, place, and national policy | F23: =(IF(D23=0,"Awaiting value",(IF(AND(D23<25,D23>0),"We have identified failures in the process that pose a significant risk",(IF(AND(D23>24,D23<50),"We have identified risks posed to the systems in place and improvement is required/need to be addressed with medium priority",(IF(AND(D23>49,D23<75),"We have identified no immediate risk is posed to the systems in place, however several shortfalls will need to be addressed with low priority",(IF(D23>74,"We have identified that very good/excellent systems are in place and that no risk has been identified in this process","Void result")))))))))) | G23: =IF(E23=Lists!$A$6,4,(IF(E23=Lists!$A$7,3,(IF(E23=Lists!$A$8,2,(IF(E23=Lists!$A$9,1,""))))))) | H23: =D23*G23
A24: We are confident in our interpretation of the Care Act 2014 and other statutory requirements | F24: =(IF(D24=0,"Awaiting value",(IF(AND(D24<25,D24>0),"We have identified failures in the process that pose a significant risk",(IF(AND(D24>24,D24<50),"We have identified risks posed to the systems in place and improvement is required/need to be addressed with medium priority",(IF(AND(D24>49,D24<75),"We have identified no immediate risk is posed to the systems in place, however several shortfalls will need to be addressed with low priority",(IF(D24>74,"We have identified that very good/excellent systems are in place and that no risk has been identified in this process","Void result")))))))))) | G24: =IF(E24=Lists!$A$6,4,(IF(E24=Lists!$A$7,3,(IF(E24=Lists!$A$8,2,(IF(E24=Lists!$A$9,1,""))))))) | H24: =D24*G24
A25: Our approach is consistent with other current and emerging legislation and compliance | F25: =(IF(D25=0,"Awaiting value",(IF(AND(D25<25,D25>0),"We have identified failures in the process that pose a significant risk",(IF(AND(D25>24,D25<50),"We have identified risks posed to the systems in place and improvement is required/need to be addressed with medium priority",(IF(AND(D25>49,D25<75),"We have identified no immediate risk is posed to the systems in place, however several shortfalls will need to be addressed with low priority",(IF(D25>74,"We have identified that very good/excellent systems are in place and that no risk has been identified in this process","Void result")))))))))) | G25: =IF(E25=Lists!$A$6,4,(IF(E25=Lists!$A$7,3,(IF(E25=Lists!$A$8,2,(IF(E25=Lists!$A$9,1,""))))))) | H25: =D25*G25
A26: We have a clear commissioning strategy and policy, including a clear equalities policy | F26: =(IF(D26=0,"Awaiting value",(IF(AND(D26<25,D26>0),"We have identified failures in the process that pose a significant risk",(IF(AND(D26>24,D26<50),"We have identified risks posed to the systems in place and improvement is required/need to be addressed with medium priority",(IF(AND(D26>49,D26<75),"We have identified no immediate risk is posed to the systems in place, however several shortfalls will need to be addressed with low priority",(IF(D26>74,"We have identified that very good/excellent systems are in place and that no risk has been identified in this process","Void result")))))))))) | G26: =IF(E26=Lists!$A$6,4,(IF(E26=Lists!$A$7,3,(IF(E26=Lists!$A$8,2,(IF(E26=Lists!$A$9,1,""))))))) | H26: =D26*G26
A27: We have a shared commissioning approach across council and place | F27: =(IF(D27=0,"Awaiting value",(IF(AND(D27<25,D27>0),"We have identified failures in the process that pose a significant risk",(IF(AND(D27>24,D27<50),"We have identified risks posed to the systems in place and improvement is required/need to be addressed with medium priority",(IF(AND(D27>49,D27<75),"We have identified no immediate risk is posed to the systems in place, however several shortfalls will need to be addressed with low priority",(IF(D27>74,"We have identified that very good/excellent systems are in place and that no risk has been identified in this process","Void result")))))))))) | G27: =IF(E27=Lists!$A$6,4,(IF(E27=Lists!$A$7,3,(IF(E27=Lists!$A$8,2,(IF(E27=Lists!$A$9,1,""))))))) | H27: =D27*G27
A28: Our provider and sector engagement is effective in informing our published plans for commissioning and market sustainability. These plans are co-produced with the sector, are fit for the future, and regularly reviewed. | F28: =(IF(D28=0,"Awaiting value",(IF(AND(D28<25,D28>0),"We have identified failures in the process that pose a significant risk",(IF(AND(D28>24,D28<50),"We have identified risks posed to the systems in place and improvement is required/need to be addressed with medium priority",(IF(AND(D28>49,D28<75),"We have identified no immediate risk is posed to the systems in place, however several shortfalls will need to be addressed with low priority",(IF(D28>74,"We have identified that very good/excellent systems are in place and that no risk has been identified in this process","Void result")))))))))) | G28: =IF(E28=Lists!$A$6,4,(IF(E28=Lists!$A$7,3,(IF(E28=Lists!$A$8,2,(IF(E28=Lists!$A$9,1,""))))))) | H28: =D28*G28
A29: Quality, social value, and value for money are evaluated proportionately, and evidence-based | F29: =(IF(D29=0,"Awaiting value",(IF(AND(D29<25,D29>0),"We have identified failures in the process that pose a significant risk",(IF(AND(D29>24,D29<50),"We have identified risks posed to the systems in place and improvement is required/need to be addressed with medium priority",(IF(AND(D29>49,D29<75),"We have identified no immediate risk is posed to the systems in place, however several shortfalls will need to be addressed with low priority",(IF(D29>74,"We have identified that very good/excellent systems are in place and that no risk has been identified in this process","Void result")))))))))) | G29: =IF(E29=Lists!$A$6,4,(IF(E29=Lists!$A$7,3,(IF(E29=Lists!$A$8,2,(IF(E29=Lists!$A$9,1,""))))))) | H29: =D29*G29
A35: Part E - Review and confirm your overall score
A36: Calculated overall notional score for this aspect | B36: =(SUM(H18:H29))/(SUM(G18:G29))
A37: Our assessment Your confirmation of the score (Please enter a number between 0 and 100) | C37: =(IF(B37=0,"Awaiting value",(IF(AND(B37<25,B37>0),"We have identified failures in the process that pose a significant risk",(IF(AND(B37>24,B37<50),"We have identified risks posed to the systems in place and improvement is required/need to be addressed with medium priority",(IF(AND(B37>49,B37<75),"We have identified no immediate risk is posed to the systems in place, however several shortfalls will need to be addressed with low priority",(IF(B37>74,"We have identified that very good/excellent systems are in place and that no risk has been identified in this process","Void result"))))))))))
A39: Part F - Identify enabling and constraining factors
A40: What factors most constrain and most enable your room to manoeuvre as commissioners?
A41: Part F - to be completed as a final stage following discussion on this aspect. In your discussion think about any factors that you feel will enable or constrain your work with particular reference to the impact on this commissioning aspect. Please detail below the 3 most significant enabling and 3 most significant constraining factors.
A42: Most enabling factors | B42: Most constraining factors
A43: 1 | B43: 1
A44: 2 | B44: 2
A45: 3 | B45: 3

Sheet Commissioning Process
A1: Step 3 Aspect 7
A2: Return to Contents
A3: Commissioning process
A4: Technically excellent and highly professional commissioning mechanisms, including competition, collaboration, commercials, clarity of contracting, and continual improvement as well as well-judged introduction of new approaches
A5: Pre reading: Before completing this worksheet - read the document 'Commissioning process' - which summarises this aspect and includes the case studies, dynamic tensions and equalities issues | C5: Link to pre-reading Pre-reading for Commissioning Aspects 1-8
A6: Part A - having read the pre-reading material, discuss the case studies, dynamic tensions and equalities and equity considerations.
A7: It is recommended that you keep your discussions in mind when reviewing the statements below
A8: High and low scoring case studies | B8: Please enter your comments
A9: What are your immediate thoughts relating to the high or low scoring councils in the case studies for this apsect?
A10: How are you handling these dynamic tensions?
A11: The tension between competition and collaboration?
A13: How are you ensuring equality and equity?
A14: A strong process needs to build in the following elements: • Understanding of unmet and marginalised need • Access for those who may be excluded • Strong equality and equity in specification and contract management • Co-design and shared learning with excluded groups
A22: Part B,C,D - discuss each of the statements below and record your observation, score each, select your weighting
A23: Statements | B23: Please record your observations from dialogue | C23: How well do we think we are doing - on a scale of 0 (worst) to 100 (Best)? | F23: Quick assessment | G23: Weighting | H23: Score
A24: We are effectively balancing meeting urgent financial and other priority requirements with thinking about long-term impacts | F24: =(IF(D24=0,"Awaiting value",(IF(AND(D24<25,D24>0),"We have identified failures in the process that pose a significant risk",(IF(AND(D24>24,D24<50),"We have identified risks posed to the systems in place and improvement is required/need to be addressed with medium priority",(IF(AND(D24>49,D24<75),"We have identified no immediate risk is posed to the systems in place, however several shortfalls will need to be addressed with low priority",(IF(D24>74,"We have identified that very good/excellent systems are in place and that no risk has been identified in this process","Void result")))))))))) | G24: =IF(E24=Lists!$A$6,4,(IF(E24=Lists!$A$7,3,(IF(E24=Lists!$A$8,2,(IF(E24=Lists!$A$9,1,""))))))) | H24: =D24*G24
A25: Our commissioning process supports good competition, collaboration, clarity of contracting and transactional improvement | F25: =(IF(D25=0,"Awaiting value",(IF(AND(D25<25,D25>0),"We have identified failures in the process that pose a significant risk",(IF(AND(D25>24,D25<50),"We have identified risks posed to the systems in place and improvement is required/need to be addressed with medium priority",(IF(AND(D25>49,D25<75),"We have identified no immediate risk is posed to the systems in place, however several shortfalls will need to be addressed with low priority",(IF(D25>74,"We have identified that very good/excellent systems are in place and that no risk has been identified in this process","Void result")))))))))) | G25: =IF(E25=Lists!$A$6,4,(IF(E25=Lists!$A$7,3,(IF(E25=Lists!$A$8,2,(IF(E25=Lists!$A$9,1,""))))))) | H25: =D25*G25
A26: We ensure timeliness of engagement in our strategic commissioning process. This is well balanced with time on specification, contract management, and learning | F26: =(IF(D26=0,"Awaiting value",(IF(AND(D26<25,D26>0),"We have identified failures in the process that pose a significant risk",(IF(AND(D26>24,D26<50),"We have identified risks posed to the systems in place and improvement is required/need to be addressed with medium priority",(IF(AND(D26>49,D26<75),"We have identified no immediate risk is posed to the systems in place, however several shortfalls will need to be addressed with low priority",(IF(D26>74,"We have identified that very good/excellent systems are in place and that no risk has been identified in this process","Void result")))))))))) | G26: =IF(E26=Lists!$A$6,4,(IF(E26=Lists!$A$7,3,(IF(E26=Lists!$A$8,2,(IF(E26=Lists!$A$9,1,""))))))) | H26: =D26*G26
A27: We have a positive approach to procurement that focuses on proportionality and outcomes | F27: =(IF(D27=0,"Awaiting value",(IF(AND(D27<25,D27>0),"We have identified failures in the process that pose a significant risk",(IF(AND(D27>24,D27<50),"We have identified risks posed to the systems in place and improvement is required/need to be addressed with medium priority",(IF(AND(D27>49,D27<75),"We have identified no immediate risk is posed to the systems in place, however several shortfalls will need to be addressed with low priority",(IF(D27>74,"We have identified that very good/excellent systems are in place and that no risk has been identified in this process","Void result")))))))))) | G27: =IF(E27=Lists!$A$6,4,(IF(E27=Lists!$A$7,3,(IF(E27=Lists!$A$8,2,(IF(E27=Lists!$A$9,1,""))))))) | H27: =D27*G27
A28: We are using a broad range of evidence to inform commissioning and contributing our own insight through reflection and evaluation | F28: =(IF(D28=0,"Awaiting value",(IF(AND(D28<25,D28>0),"We have identified failures in the process that pose a significant risk",(IF(AND(D28>24,D28<50),"We have identified risks posed to the systems in place and improvement is required/need to be addressed with medium priority",(IF(AND(D28>49,D28<75),"We have identified no immediate risk is posed to the systems in place, however several shortfalls will need to be addressed with low priority",(IF(D28>74,"We have identified that very good/excellent systems are in place and that no risk has been identified in this process","Void result")))))))))) | G28: =IF(E28=Lists!$A$6,4,(IF(E28=Lists!$A$7,3,(IF(E28=Lists!$A$8,2,(IF(E28=Lists!$A$9,1,""))))))) | H28: =D28*G28
A29: Our commissioning process has a strong focus on Nolan principles, social value, equity, ethics, and openness | F29: =(IF(D29=0,"Awaiting value",(IF(AND(D29<25,D29>0),"We have identified failures in the process that pose a significant risk",(IF(AND(D29>24,D29<50),"We have identified risks posed to the systems in place and improvement is required/need to be addressed with medium priority",(IF(AND(D29>49,D29<75),"We have identified no immediate risk is posed to the systems in place, however several shortfalls will need to be addressed with low priority",(IF(D29>74,"We have identified that very good/excellent systems are in place and that no risk has been identified in this process","Void result")))))))))) | G29: =IF(E29=Lists!$A$6,4,(IF(E29=Lists!$A$7,3,(IF(E29=Lists!$A$8,2,(IF(E29=Lists!$A$9,1,""))))))) | H29: =D29*G29
A30: We maintain a strong commissioning process even in joint and shared commissioning and shared arrangements | F30: =(IF(D30=0,"Awaiting value",(IF(AND(D30<25,D30>0),"We have identified failures in the process that pose a significant risk",(IF(AND(D30>24,D30<50),"We have identified risks posed to the systems in place and improvement is required/need to be addressed with medium priority",(IF(AND(D30>49,D30<75),"We have identified no immediate risk is posed to the systems in place, however several shortfalls will need to be addressed with low priority",(IF(D30>74,"We have identified that very good/excellent systems are in place and that no risk has been identified in this process","Void result")))))))))) | G30: =IF(E30=Lists!$A$6,4,(IF(E30=Lists!$A$7,3,(IF(E30=Lists!$A$8,2,(IF(E30=Lists!$A$9,1,""))))))) | H30: =D30*G30
A31: We are proportionate in our commissioning process | F31: =(IF(D31=0,"Awaiting value",(IF(AND(D31<25,D31>0),"We have identified failures in the process that pose a significant risk",(IF(AND(D31>24,D31<50),"We have identified risks posed to the systems in place and improvement is required/need to be addressed with medium priority",(IF(AND(D31>49,D31<75),"We have identified no immediate risk is posed to the systems in place, however several shortfalls will need to be addressed with low priority",(IF(D31>74,"We have identified that very good/excellent systems are in place and that no risk has been identified in this process","Void result")))))))))) | G31: =IF(E31=Lists!$A$6,4,(IF(E31=Lists!$A$7,3,(IF(E31=Lists!$A$8,2,(IF(E31=Lists!$A$9,1,""))))))) | H31: =D31*G31
A32: Our commissioning process is an enabler rather than a constraint? Commissioning colleagues in different areas of our “place” may use the same or different approaches | F32: =(IF(D32=0,"Awaiting value",(IF(AND(D32<25,D32>0),"We have identified failures in the process that pose a significant risk",(IF(AND(D32>24,D32<50),"We have identified risks posed to the systems in place and improvement is required/need to be addressed with medium priority",(IF(AND(D32>49,D32<75),"We have identified no immediate risk is posed to the systems in place, however several shortfalls will need to be addressed with low priority",(IF(D32>74,"We have identified that very good/excellent systems are in place and that no risk has been identified in this process","Void result")))))))))) | G32: =IF(E32=Lists!$A$6,4,(IF(E32=Lists!$A$7,3,(IF(E32=Lists!$A$8,2,(IF(E32=Lists!$A$9,1,""))))))) | H32: =D32*G32
A33: We are able to appropriately de-commission to free up resources for unmet needs | F33: =(IF(D33=0,"Awaiting value",(IF(AND(D33<25,D33>0),"We have identified failures in the process that pose a significant risk",(IF(AND(D33>24,D33<50),"We have identified risks posed to the systems in place and improvement is required/need to be addressed with medium priority",(IF(AND(D33>49,D33<75),"We have identified no immediate risk is posed to the systems in place, however several shortfalls will need to be addressed with low priority",(IF(D33>74,"We have identified that very good/excellent systems are in place and that no risk has been identified in this process","Void result")))))))))) | G33: =IF(E33=Lists!$A$6,4,(IF(E33=Lists!$A$7,3,(IF(E33=Lists!$A$8,2,(IF(E33=Lists!$A$9,1,""))))))) | H33: =D33*G33
A34: We have permission to be innovative and to use different approaches when appropriate | F34: =(IF(D34=0,"Awaiting value",(IF(AND(D34<25,D34>0),"We have identified failures in the process that pose a significant risk",(IF(AND(D34>24,D34<50),"We have identified risks posed to the systems in place and improvement is required/need to be addressed with medium priority",(IF(AND(D34>49,D34<75),"We have identified no immediate risk is posed to the systems in place, however several shortfalls will need to be addressed with low priority",(IF(D34>74,"We have identified that very good/excellent systems are in place and that no risk has been identified in this process","Void result")))))))))) | G34: =IF(E34=Lists!$A$6,4,(IF(E34=Lists!$A$7,3,(IF(E34=Lists!$A$8,2,(IF(E34=Lists!$A$9,1,""))))))) | H34: =D34*G34
A41: Part E - Review and confirm your overall score
A42: Calculated overall notional score for this aspect | B42: =(SUM(H24:H34))/(SUM(G24:G34))
A43: Our assessment Your confirmation of the score (Please enter a number between 0 and 100) | C43: =(IF(B43=0,"Awaiting value",(IF(AND(B43<25,B43>0),"We have identified failures in the process that pose a significant risk",(IF(AND(B43>24,B43<50),"We have identified risks posed to the systems in place and improvement is required/need to be addressed with medium priority",(IF(AND(B43>49,B43<75),"We have identified no immediate risk is posed to the systems in place, however several shortfalls will need to be addressed with low priority",(IF(B43>74,"We have identified that very good/excellent systems are in place and that no risk has been identified in this process","Void result"))))))))))
A45: Part F - Identify enabling and constraining factors
A46: What factors most constrain and most enable your room to manoeuvre as commissioners?
A47: Part F - to be completed as a final stage following discussion on this aspect. In your discussion think about any factors that you feel will enable or constrain your work with particular reference to the impact on this commissioning aspect. Please detail below the 3 most significant enabling and 3 most significant constraining factors.
A48: Most enabling factors | B48: Most constraining factors
A49: 1 | B49: 1
A50: 2 | B50: 2
A51: 3 | B51: 3

Sheet Models and tactics
A1: Step 3 Aspect 8
A2: Return to Contents
A3: Models and tactics
A4: Design of delivery models that are fit for purpose, effective, and innovative, based on real attention to how services are structured and delivered
A5: Pre reading: Before completing this worksheet - read the document 'Models and tactics' - which summarises this aspect and includes the case studies, dynamic tensions and equalities issues | C5: Link to pre-reading Pre-reading for Commissioning Aspects 1-8
A6: Part A - having read the pre-reading material, discuss the case studies, dynamic tensions and equalities and equity considerations.
A7: It is recommended that you keep your discussions in mind when reviewing the statements below
A8: High and low scoring case studies | B8: Please enter your comments
A9: What are your immediate thoughts relating to the high or low scoring councils in the case studies for this apsect?
A10: How are you handling these dynamic tensions?
A11: The tension between detailed service design and big picture strategy.
A13: How are you ensuring equality and equity?
A14: It is with practice on the ground, enabled by delivery models, that equality and equity are either supported or fail. It is important to think about the implications of changes in delivery models, particularly innovative ones and those using novel technology (or with digital access) for those who are traditionally marginalised and excluded, and groups who could be marginalised or excluded by the new model.
A16: Part B,C,D - discuss each of the statements below and record your observation, score each, select your weighting
A17: Statements | B17: Please record your observations from dialogue | C17: How well do we think we are doing - on a scale of 0 (worst) to 100 (Best)? | D17: Score assigned | E17: Your weighting within this aspect | F17: Quick assessment | G17: Weighting | H17: Score
A18: We investigate innovative delivery and funding models that deliver demand reduction, reduced costs and increased impact and these are used appropriately | F18: =(IF(D18=0,"Awaiting value",(IF(AND(D18<25,D18>0),"We have identified failures in the process that pose a significant risk",(IF(AND(D18>24,D18<50),"We have identified risks posed to the systems in place and improvement is required/need to be addressed with medium priority",(IF(AND(D18>49,D18<75),"We have identified no immediate risk is posed to the systems in place, however several shortfalls will need to be addressed with low priority",(IF(D18>74,"We have identified that very good/excellent systems are in place and that no risk has been identified in this process","Void result")))))))))) | G18: =IF(E18=Lists!$A$6,4,(IF(E18=Lists!$A$7,3,(IF(E18=Lists!$A$8,2,(IF(E18=Lists!$A$9,1,""))))))) | H18: =D18*G18
A19: We are engaging effectively with disruptive technology | F19: =(IF(D19=0,"Awaiting value",(IF(AND(D19<25,D19>0),"We have identified failures in the process that pose a significant risk",(IF(AND(D19>24,D19<50),"We have identified risks posed to the systems in place and improvement is required/need to be addressed with medium priority",(IF(AND(D19>49,D19<75),"We have identified no immediate risk is posed to the systems in place, however several shortfalls will need to be addressed with low priority",(IF(D19>74,"We have identified that very good/excellent systems are in place and that no risk has been identified in this process","Void result")))))))))) | G19: =IF(E19=Lists!$A$6,4,(IF(E19=Lists!$A$7,3,(IF(E19=Lists!$A$8,2,(IF(E19=Lists!$A$9,1,""))))))) | H19: =D19*G19
A20: We are taking and encouraging a partnership approach to workforce challenges | F20: =(IF(D20=0,"Awaiting value",(IF(AND(D20<25,D20>0),"We have identified failures in the process that pose a significant risk",(IF(AND(D20>24,D20<50),"We have identified risks posed to the systems in place and improvement is required/need to be addressed with medium priority",(IF(AND(D20>49,D20<75),"We have identified no immediate risk is posed to the systems in place, however several shortfalls will need to be addressed with low priority",(IF(D20>74,"We have identified that very good/excellent systems are in place and that no risk has been identified in this process","Void result")))))))))) | G20: =IF(E20=Lists!$A$6,4,(IF(E20=Lists!$A$7,3,(IF(E20=Lists!$A$8,2,(IF(E20=Lists!$A$9,1,""))))))) | H20: =D20*G20
A21: We are undertaking supply chain optimisation | F21: =(IF(D21=0,"Awaiting value",(IF(AND(D21<25,D21>0),"We have identified failures in the process that pose a significant risk",(IF(AND(D21>24,D21<50),"We have identified risks posed to the systems in place and improvement is required/need to be addressed with medium priority",(IF(AND(D21>49,D21<75),"We have identified no immediate risk is posed to the systems in place, however several shortfalls will need to be addressed with low priority",(IF(D21>74,"We have identified that very good/excellent systems are in place and that no risk has been identified in this process","Void result")))))))))) | G21: =IF(E21=Lists!$A$6,4,(IF(E21=Lists!$A$7,3,(IF(E21=Lists!$A$8,2,(IF(E21=Lists!$A$9,1,""))))))) | H21: =D21*G21
A22: We can evidence a core focus on social value | F22: =(IF(D22=0,"Awaiting value",(IF(AND(D22<25,D22>0),"We have identified failures in the process that pose a significant risk",(IF(AND(D22>24,D22<50),"We have identified risks posed to the systems in place and improvement is required/need to be addressed with medium priority",(IF(AND(D22>49,D22<75),"We have identified no immediate risk is posed to the systems in place, however several shortfalls will need to be addressed with low priority",(IF(D22>74,"We have identified that very good/excellent systems are in place and that no risk has been identified in this process","Void result")))))))))) | G22: =IF(E22=Lists!$A$6,4,(IF(E22=Lists!$A$7,3,(IF(E22=Lists!$A$8,2,(IF(E22=Lists!$A$9,1,""))))))) | H22: =D22*G22
A23: We have a proactive approach to cost of care, with genuinely proportionate unit costs and reducing demand for high-cost care | F23: =(IF(D23=0,"Awaiting value",(IF(AND(D23<25,D23>0),"We have identified failures in the process that pose a significant risk",(IF(AND(D23>24,D23<50),"We have identified risks posed to the systems in place and improvement is required/need to be addressed with medium priority",(IF(AND(D23>49,D23<75),"We have identified no immediate risk is posed to the systems in place, however several shortfalls will need to be addressed with low priority",(IF(D23>74,"We have identified that very good/excellent systems are in place and that no risk has been identified in this process","Void result")))))))))) | G23: =IF(E23=Lists!$A$6,4,(IF(E23=Lists!$A$7,3,(IF(E23=Lists!$A$8,2,(IF(E23=Lists!$A$9,1,""))))))) | H23: =D23*G23
A24: Our supplier relationships are focused on quality, improvement and outcomes rather than costs | F24: =(IF(D24=0,"Awaiting value",(IF(AND(D24<25,D24>0),"We have identified failures in the process that pose a significant risk",(IF(AND(D24>24,D24<50),"We have identified risks posed to the systems in place and improvement is required/need to be addressed with medium priority",(IF(AND(D24>49,D24<75),"We have identified no immediate risk is posed to the systems in place, however several shortfalls will need to be addressed with low priority",(IF(D24>74,"We have identified that very good/excellent systems are in place and that no risk has been identified in this process","Void result")))))))))) | G24: =IF(E24=Lists!$A$6,4,(IF(E24=Lists!$A$7,3,(IF(E24=Lists!$A$8,2,(IF(E24=Lists!$A$9,1,""))))))) | H24: =D24*G24
A25: There is appropriate (dis)aggregation and joining up between models. We are we able to understand the potential opportunities for this and for reducing waste in delivery models and to encourage the opportunities to be recognised. | F25: =(IF(D25=0,"Awaiting value",(IF(AND(D25<25,D25>0),"We have identified failures in the process that pose a significant risk",(IF(AND(D25>24,D25<50),"We have identified risks posed to the systems in place and improvement is required/need to be addressed with medium priority",(IF(AND(D25>49,D25<75),"We have identified no immediate risk is posed to the systems in place, however several shortfalls will need to be addressed with low priority",(IF(D25>74,"We have identified that very good/excellent systems are in place and that no risk has been identified in this process","Void result")))))))))) | G25: =IF(E25=Lists!$A$6,4,(IF(E25=Lists!$A$7,3,(IF(E25=Lists!$A$8,2,(IF(E25=Lists!$A$9,1,""))))))) | H25: =D25*G25
A26: We are reducing waste and user journey failures | F26: =(IF(D26=0,"Awaiting value",(IF(AND(D26<25,D26>0),"We have identified failures in the process that pose a significant risk",(IF(AND(D26>24,D26<50),"We have identified risks posed to the systems in place and improvement is required/need to be addressed with medium priority",(IF(AND(D26>49,D26<75),"We have identified no immediate risk is posed to the systems in place, however several shortfalls will need to be addressed with low priority",(IF(D26>74,"We have identified that very good/excellent systems are in place and that no risk has been identified in this process","Void result")))))))))) | G26: =IF(E26=Lists!$A$6,4,(IF(E26=Lists!$A$7,3,(IF(E26=Lists!$A$8,2,(IF(E26=Lists!$A$9,1,""))))))) | H26: =D26*G26
A27: Our digital and technical capability is sufficient | F27: =(IF(D27=0,"Awaiting value",(IF(AND(D27<25,D27>0),"We have identified failures in the process that pose a significant risk",(IF(AND(D27>24,D27<50),"We have identified risks posed to the systems in place and improvement is required/need to be addressed with medium priority",(IF(AND(D27>49,D27<75),"We have identified no immediate risk is posed to the systems in place, however several shortfalls will need to be addressed with low priority",(IF(D27>74,"We have identified that very good/excellent systems are in place and that no risk has been identified in this process","Void result")))))))))) | G27: =IF(E27=Lists!$A$6,4,(IF(E27=Lists!$A$7,3,(IF(E27=Lists!$A$8,2,(IF(E27=Lists!$A$9,1,""))))))) | H27: =D27*G27
A28: We are able to consider opportunities to bring in different funding streams and funding models | F28: =(IF(D28=0,"Awaiting value",(IF(AND(D28<25,D28>0),"We have identified failures in the process that pose a significant risk",(IF(AND(D28>24,D28<50),"We have identified risks posed to the systems in place and improvement is required/need to be addressed with medium priority",(IF(AND(D28>49,D28<75),"We have identified no immediate risk is posed to the systems in place, however several shortfalls will need to be addressed with low priority",(IF(D28>74,"We have identified that very good/excellent systems are in place and that no risk has been identified in this process","Void result")))))))))) | G28: =IF(E28=Lists!$A$6,4,(IF(E28=Lists!$A$7,3,(IF(E28=Lists!$A$8,2,(IF(E28=Lists!$A$9,1,""))))))) | H28: =D28*G28
A29: Commissioners are closely connected to practice (including any supply chain and workforce issues) | F29: =(IF(D29=0,"Awaiting value",(IF(AND(D29<25,D29>0),"We have identified failures in the process that pose a significant risk",(IF(AND(D29>24,D29<50),"We have identified risks posed to the systems in place and improvement is required/need to be addressed with medium priority",(IF(AND(D29>49,D29<75),"We have identified no immediate risk is posed to the systems in place, however several shortfalls will need to be addressed with low priority",(IF(D29>74,"We have identified that very good/excellent systems are in place and that no risk has been identified in this process","Void result")))))))))) | G29: =IF(E29=Lists!$A$6,4,(IF(E29=Lists!$A$7,3,(IF(E29=Lists!$A$8,2,(IF(E29=Lists!$A$9,1,""))))))) | H29: =D29*G29
A35: Part E - Review and confirm your overall score
A36: Calculated overall notional score for this aspect | B36: =(SUM(H18:H29))/(SUM(G18:G29))
A37: Our assessment Your confirmation of the score (Please enter a number between 0 and 100) | C37: =(IF(B37=0,"Awaiting value",(IF(AND(B37<25,B37>0),"We have identified failures in the process that pose a significant risk",(IF(AND(B37>24,B37<50),"We have identified risks posed to the systems in place and improvement is required/need to be addressed with medium priority",(IF(AND(B37>49,B37<75),"We have identified no immediate risk is posed to the systems in place, however several shortfalls will need to be addressed with low priority",(IF(B37>74,"We have identified that very good/excellent systems are in place and that no risk has been identified in this process","Void result"))))))))))
A39: Part F - Identify enabling and constraining factors
A40: What factors most constrain and most enable your room to manoeuvre as commissioners?
A41: Part F - to be completed as a final stage following discussion on this aspect. In your discussion think about any factors that you feel will enable or constrain your work with particular reference to the impact on this commissioning aspect. Please detail below the 3 most significant enabling and 3 most significant constraining factors.
A42: Most enabling factors | B42: Most constraining factors
A43: 1 | B43: 1
A44: 2 | B44: 2
A45: 3 | B45: 3

Sheet Step 4 Analysis Tool
A1: Step 4 - Overall Analysis Tool following Self-Assessment and the resulting Suggested Strategic Commissioning Approach
A2: Return to Contents | B2: Link to pre-reading Pre-reading for Commissioning Approaches 1-8
A3: The Eight Commissioning Aspects and the Eight Strategic Commissioning Approaches
A4: Aspect | B4: Approach | C4: Preferred Approach? | D4: Value assigned following the detailed evaluation (taking each aspect in detail) | E4: Narrative assessment | F4: Order strength | G4: Is it valid? | H4: Meets criteria | I4: Position | J4: Rank
A5: Aspect 1. Whole system design Working as one place to create a context that is optimally set up for wellbeing, mutual support, and care | B5: Place-based wellbeing Design and creation of a place-based wellbeing system, with a strong focus on keeping people ‘out of care’ and maximising conditions for them to be able to look after themselves | C5: =IF(J5=1,"Preferred approach","") | D5: ='Whole system design'!B37 | E5: =(IF(D5=0,"Awaiting value",(IF(AND(D5<25,D5>0),"We have identified failures in the process that pose a significant risk",(IF(AND(D5>24,D5<50),"We have identified risks posed to the systems in place and improvement is required/need to be addressed with medium priority",(IF(AND(D5>49,D5<75),"We have identified no immediate risk is posed to the systems in place, however several shortfalls will need to be addressed with low priority",(IF(D5>74,"We have identified that very good/excellent systems are in place and that no risk has been identified in this process","Void result")))))))))) | F5: 8 | G5: =IF(D5>50,"Valid","") | H5: {=IF(AND(D5>50,D5<(D6:D$12)),"Preferred approach","")} | I5: =IF(AND(G5="Valid",H5="Preferred approach"),F5,"") | J5: =IF(ISERROR(RANK(I5,$I$5:$I$12)),"",(RANK(I5,$I$5:$I$12)))
A6: Aspect 2. Relationships and organisation across the system A place where everyone is focused on achieving shared goals, together, and incentives and funding streams are aligned | B6: Leadership of place for whole system change Acting as convenors to shape the whole system of health, care, wellbeing, and need in place | C6: =IF(J6=1,"Preferred approach","") | D6: ='Relationships & Organisation'!B37 | E6: =(IF(D6=0,"Awaiting value",(IF(AND(D6<25,D6>0),"We have identified failures in the process that pose a significant risk",(IF(AND(D6>24,D6<50),"We have identified risks posed to the systems in place and improvement is required/need to be addressed with medium priority",(IF(AND(D6>49,D6<75),"We have identified no immediate risk is posed to the systems in place, however several shortfalls will need to be addressed with low priority",(IF(D6>74,"We have identified that very good/excellent systems are in place and that no risk has been identified in this process","Void result")))))))))) | F6: 7 | G6: =IF(D6>50,"Valid","") | H6: {=IF(AND(D6>50,D6<(D7:D$12)),"Preferred approach","")} | I6: =IF(AND(G6="Valid",H6="Preferred approach"),F6,"") | J6: =IF(ISERROR(RANK(I6,$I$5:$I$12)),"",(RANK(I6,$I$5:$I$12)))
A7: Aspect 3. Capacity, capability and confidence Shaping provision from all sources (including market provision, social procurement, VCSE, asset-based work, workforce, community etc) so that people have access to what they need to live their lives well | B7: Unlocking potential Spend and provision is targeted to enhancing capacity, capability, confidence, and the local economy, pushing ‘upstream’ from demand to focus on prevention and wellbeing wherever possible | C7: =IF(J7=1,"Preferred approach","") | E7: =(IF(D7=0,"Awaiting value",(IF(AND(D7<25,D7>0),"We have identified failures in the process that pose a significant risk",(IF(AND(D7>24,D7<50),"We have identified risks posed to the systems in place and improvement is required/need to be addressed with medium priority",(IF(AND(D7>49,D7<75),"We have identified no immediate risk is posed to the systems in place, however several shortfalls will need to be addressed with low priority",(IF(D7>74,"We have identified that very good/excellent systems are in place and that no risk has been identified in this process","Void result")))))))))) | F7: 6 | G7: =IF(D7>50,"Valid","") | H7: {=IF(AND(D7>50,D7<(D8:D$12)),"Preferred approach","")} | I7: =IF(AND(G7="Valid",H7="Preferred approach"),F7,"") | J7: =IF(ISERROR(RANK(I7,$I$5:$I$12)),"",(RANK(I7,$I$5:$I$12)))
A8: Aspect 4. User and outcome centred Citizens are in charge of their own care, and their assessment of whether they got what they needed is how we measure our success | B8: Citizen-centred commissioning Putting people in charge of care – creating conditions for individuals to manage, select, fund, and direct their own care needs | C8: =IF(J8=1,"Preferred approach","") | D8: ='User&Outcome centred'!B37 | E8: =(IF(D8=0,"Awaiting value",(IF(AND(D8<25,D8>0),"We have identified failures in the process that pose a significant risk",(IF(AND(D8>24,D8<50),"We have identified risks posed to the systems in place and improvement is required/need to be addressed with medium priority",(IF(AND(D8>49,D8<75),"We have identified no immediate risk is posed to the systems in place, however several shortfalls will need to be addressed with low priority",(IF(D8>74,"We have identified that very good/excellent systems are in place and that no risk has been identified in this process","Void result")))))))))) | F8: 5 | G8: =IF(D8>50,"Valid","") | H8: {=IF(AND(D8>50,D8<(D9:D$12)),"Preferred approach","")} | I8: =IF(AND(G8="Valid",H8="Preferred approach"),F8,"") | J8: =IF(ISERROR(RANK(I8,$I$5:$I$12)),"",(RANK(I8,$I$5:$I$12)))
A9: Aspect 5. Information, insight and innovation A commissioning aspect that emphasises commissioning innovation and creativity, based on solid information, insight | B9: Values-based/disruptive commissioning Challenging the status quo based on citizen perspectives and equity, or innovation, creativity, novel approaches and technology | C9: =IF(J9=1,"Preferred approach","") | D9: ='Info, Insight&Innovation'!B37 | E9: =(IF(D9=0,"Awaiting value",(IF(AND(D9<25,D9>0),"We have identified failures in the process that pose a significant risk",(IF(AND(D9>24,D9<50),"We have identified risks posed to the systems in place and improvement is required/need to be addressed with medium priority",(IF(AND(D9>49,D9<75),"We have identified no immediate risk is posed to the systems in place, however several shortfalls will need to be addressed with low priority",(IF(D9>74,"We have identified that very good/excellent systems are in place and that no risk has been identified in this process","Void result")))))))))) | F9: 4 | G9: =IF(D9>50,"Valid","") | H9: {=IF(AND(D9>50,D9<(D10:D$12)),"Preferred approach","")} | I9: =IF(AND(G9="Valid",H9="Preferred approach"),F9,"") | J9: =IF(ISERROR(RANK(I9,$I$5:$I$12)),"",(RANK(I9,$I$5:$I$12)))
A10: Aspect 6. Managing the policy and compliance landscape Meeting, interpreting, and actively shaping the policy and legal requirements that we have to work within | B10: Strategic procurement of services against needs Focus on good service provision and management, well-matched to demand | C10: =IF(J10=1,"Preferred approach","") | D10: ='Managing policy & compliance'!B37 | E10: =(IF(D10=0,"Awaiting value",(IF(AND(D10<25,D10>0),"We have identified failures in the process that pose a significant risk",(IF(AND(D10>24,D10<50),"We have identified risks posed to the systems in place and improvement is required/need to be addressed with medium priority",(IF(AND(D10>49,D10<75),"We have identified no immediate risk is posed to the systems in place, however several shortfalls will need to be addressed with low priority",(IF(D10>74,"We have identified that very good/excellent systems are in place and that no risk has been identified in this process","Void result")))))))))) | F10: 3 | G10: =IF(D10>50,"Valid","") | H10: {=IF(AND(D10>50,D10<(D11:D$12)),"Preferred approach","")} | I10: =IF(AND(G10="Valid",H10="Preferred approach"),F10,"") | J10: =IF(ISERROR(RANK(I10,$I$5:$I$12)),"",(RANK(I10,$I$5:$I$12)))
A11: Aspect 7. Commissioning process Technically excellent and highly professional commissioning mechanisms, including competition, collaboration, commercials, clarity of contracting, and continual improvement as well as well-judged introduction of new approaches | B11: Market management Creating conditions for best value and outcomes within financial constraints, from a mixed and healthy economy of providers | C11: =IF(J11=1,"Preferred approach","") | D11: ='Commissioning Process'!B43 | E11: =(IF(D11=0,"Awaiting value",(IF(AND(D11<25,D11>0),"We have identified failures in the process that pose a significant risk",(IF(AND(D11>24,D11<50),"We have identified risks posed to the systems in place and improvement is required/need to be addressed with medium priority",(IF(AND(D11>49,D11<75),"We have identified no immediate risk is posed to the systems in place, however several shortfalls will need to be addressed with low priority",(IF(D11>74,"We have identified that very good/excellent systems are in place and that no risk has been identified in this process","Void result")))))))))) | F11: 2 | G11: =IF(D11>50,"Valid","") | H11: {=IF(AND(D11>50,D11<(D12:D$12)),"Preferred approach","")} | I11: =IF(AND(G11="Valid",H11="Preferred approach"),F11,"") | J11: =IF(ISERROR(RANK(I11,$I$5:$I$12)),"",(RANK(I11,$I$5:$I$12)))
A12: Aspect 8. Models and tactics Design of delivery models that are fit for purpose, effective, and innovative, based on real attention to how services are structured and delivered | B12: Delivery model design Effective delivery models enabling effective practice | C12: =IF(J12=1,"Preferred approach","") | D12: ='Models and tactics'!B37 | E12: =(IF(D12=0,"Awaiting value",(IF(AND(D12<25,D12>0),"We have identified failures in the process that pose a significant risk",(IF(AND(D12>24,D12<50),"We have identified risks posed to the systems in place and improvement is required/need to be addressed with medium priority",(IF(AND(D12>49,D12<75),"We have identified no immediate risk is posed to the systems in place, however several shortfalls will need to be addressed with low priority",(IF(D12>74,"We have identified that very good/excellent systems are in place and that no risk has been identified in this process","Void result")))))))))) | F12: 1 | G12: =IF(D12>50,"Valid","") | H12: =IF(AND(D12>50,D12>(MAX(D5:D11))),"Preferred approach","") | I12: =IF(AND(G12="Valid",H12="Preferred approach"),F12,"") | J12: =IF(ISERROR(RANK(I12,$I$5:$I$12)),"",(RANK(I12,$I$5:$I$12)))

Sheet Step 5 Constraints & Enablers
A1: Action-Planning in response to Constraints and Enabling Factors
A2: Return to Contents
A3: Questions to consider for Action-planning
A4: How we will boost enabling factors?
A5: For constraining factors within our control, how will we ensure we overcome them?
A6: How will we use our influence where we can, to reduce constraining factors?
A7: How will we take account of and work around constraining factors that are not in our control?
A8: What experiments can we run to look at constraining factors that require innovation?
A10: Aspect | B10: Order | C10: Constraining and Enabling Factors | D10: Type | E10: Influence | F10: How to respond
A11: Aspect 1. Whole system design | B11: 1 | C11: ='Whole system design'!A43
A12: Aspect 1. Whole system design | B12: 2 | C12: ='Whole system design'!A44
A13: Aspect 1. Whole system design | B13: 3 | C13: ='Whole system design'!A45
A14: Aspect 1. Whole system design | B14: 1 | C14: ='Whole system design'!B43
A15: Aspect 1. Whole system design | B15: 2 | C15: ='Whole system design'!B44
A16: Aspect 1. Whole system design | B16: 3 | C16: ='Whole system design'!B45
A17: Aspect 2. Relationships and organisation across the system | B17: 1 | C17: ='Relationships & Organisation'!A43
A18: Aspect 2. Relationships and organisation across the system | B18: 2 | C18: ='Relationships & Organisation'!A44
A19: Aspect 2. Relationships and organisation across the system | B19: 3 | C19: ='Relationships & Organisation'!A45
A20: Aspect 2. Relationships and organisation across the system | B20: 1 | C20: ='Relationships & Organisation'!B43
A21: Aspect 2. Relationships and organisation across the system | B21: 2 | C21: ='Relationships & Organisation'!B44
A22: Aspect 2. Relationships and organisation across the system | B22: 3 | C22: ='Relationships & Organisation'!B45
A23: Aspect 3. Capacity, capability and confidence | B23: 1 | C23: ='Capacity & Capability'!A43
A24: Aspect 3. Capacity, capability and confidence | B24: 2 | C24: ='Capacity & Capability'!A44
A25: Aspect 3. Capacity, capability and confidence | B25: 3 | C25: ='Capacity & Capability'!A45
A26: Aspect 3. Capacity, capability and confidence | B26: 1 | C26: ='Capacity & Capability'!B43
A27: Aspect 3. Capacity, capability and confidence | B27: 2 | C27: ='Capacity & Capability'!B44
A28: Aspect 3. Capacity, capability and confidence | B28: 3 | C28: ='Capacity & Capability'!B45
A29: Aspect 4. User and outcome centred | B29: 1 | C29: ='User&Outcome centred'!A43
A30: Aspect 4. User and outcome centred | B30: 2 | C30: ='User&Outcome centred'!A44
A31: Aspect 4. User and outcome centred | B31: 3 | C31: ='User&Outcome centred'!A45
A32: Aspect 4. User and outcome centred | B32: 1 | C32: ='User&Outcome centred'!B43
A33: Aspect 4. User and outcome centred | B33: 2 | C33: ='User&Outcome centred'!B44
A34: Aspect 4. User and outcome centred | B34: 3 | C34: ='User&Outcome centred'!B45
A35: Aspect 5. Information, insight and innovation | B35: 1 | C35: ='Info, Insight&Innovation'!A43
A36: Aspect 5. Information, insight and innovation | B36: 2 | C36: ='Info, Insight&Innovation'!A44
A37: Aspect 5. Information, insight and innovation | B37: 3 | C37: ='Info, Insight&Innovation'!A45
A38: Aspect 5. Information, insight and innovation | B38: 1 | C38: ='Info, Insight&Innovation'!B43
A39: Aspect 5. Information, insight and innovation | B39: 2 | C39: ='Info, Insight&Innovation'!B44
A40: Aspect 5. Information, insight and innovation | B40: 3 | C40: ='Info, Insight&Innovation'!B45
A41: Aspect 6. Managing the policy and compliance landscape | B41: 1 | C41: ='Managing policy & compliance'!A43
A42: Aspect 6. Managing the policy and compliance landscape | B42: 2 | C42: ='Managing policy & compliance'!A44
A43: Aspect 6. Managing the policy and compliance landscape | B43: 3 | C43: ='Managing policy & compliance'!A45
A44: Aspect 6. Managing the policy and compliance landscape | B44: 1 | C44: ='Managing policy & compliance'!B43
A45: Aspect 6. Managing the policy and compliance landscape | B45: 2 | C45: ='Managing policy & compliance'!B44
A46: Aspect 6. Managing the policy and compliance landscape | B46: 3 | C46: ='Managing policy & compliance'!B45
A47: Aspect 7. Commissioning process | B47: 1 | C47: ='Commissioning Process'!A49
A48: Aspect 7. Commissioning process | B48: 2 | C48: ='Commissioning Process'!A50
A49: Aspect 7. Commissioning process | B49: 3 | C49: ='Commissioning Process'!A51
A50: Aspect 7. Commissioning process | B50: 1 | C50: ='Commissioning Process'!B49
A51: Aspect 7. Commissioning process | B51: 2 | C51: ='Commissioning Process'!B50
A52: Aspect 7. Commissioning process | B52: 3 | C52: ='Commissioning Process'!B51
A53: Aspect 8. Models and tactics | B53: 1 | C53: ='Models and tactics'!A43
A54: Aspect 8. Models and tactics | B54: 2 | C54: ='Models and tactics'!A44
A55: Aspect 8. Models and tactics | B55: 3 | C55: ='Models and tactics'!A45
A56: Aspect 8. Models and tactics | B56: 1 | C56: ='Models and tactics'!B43
A57: Aspect 8. Models and tactics | B57: 2 | C57: ='Models and tactics'!B44
A58: Aspect 8. Models and tactics | B58: 3 | C58: ='Models and tactics'!B45

Sheet Summary output
A1: Pull out the guidance that interprets this assessment and next steps
C2: (A document for each of the commissioning approaches - hyperlink)
A3: Summary output
A4: Aspect | B4: Agreed scoring | C4: Approach
A5: Aspect 1. Whole system design | C5: Place-based wellbeing
A6: Aspect 2. Relationships and organisation across the system | C6: Leadership of place for whole system change
A7: Aspect 3. Capacity, capability and confidence | C7: Unlocking potential
A8: Aspect 4. User and outcome centred | C8: Citizen-centred commissioning
A9: Aspect 5. Information, insight and innovation | C9: Values-based/disruptive commissioning
A10: Aspect 6. Managing the policy and compliance landscape | C10: Strategic procurement of services against needs
A11: Aspect 7. Commissioning process | C11: Contestability and market management
A12: Aspect 8. Models and tactics | C12: Delivery model design
A13: Based on your self assessment
B14: is the most appropriate straegic commissioning approach identified
D15: Put in formula to mimic the selection and then highlight
A16: Most enabling factors | H16: Aspects | I16: Approach(es)
A17: (pull in) | H17: 1. Whole system design | I17: Place-based wellbeing
A18: Most contraining | H18: Working as one place to create a context that is optimally set up for wellbeing, mutual support, and care | I18: Design and creation of a place-based wellbeing system, with a strong focus on keeping people ‘out of care’ and maximising conditions for them to be able to look after themselves
A19: (pull in) | H19: 2. Relationships and organisation across the system | I19: Leadership of place for whole system change
H20: A place where everyone is focused on achieving shared goals, together, and incentives and funding streams are aligned | I20: Acting as convenors to shape the whole system of health, care, wellbeing, and need in place
H21: 3. Capacity, capability, and confidence | I21: Unlocking potential
H22: Shaping provision from all sources (including market provision, social procurement, VCSE, asset-based work, workforce, community etc) so that people have access to what they need to live their lives well | I22: Spend and provision is targeted to enhancing capacity, capability, confidence, and the local economy, pushing ‘upstream’ from demand to focus on prevention and wellbeing wherever possible
H23: 4. User and outcome centred | I23: Citizen-centred commissioning
H24: Citizens are in charge of their own care, and their assessment of whether they got what they needed is how we measure our success | I24: Putting people in charge of care – creating conditions for individuals to manage, select, fund, and direct their own care needs
H25: 5. Information, insight, and innovation | I25: Values-based/disruptive commissioning
H26: A commissioning aspect that emphasises commissioning innovation and creativity, based on solid information, insight | I26: Challenging the status quo based on citizen perspectives and equity, or innovation, creativity, novel approaches and technology
H27: 6. Managing the policy and compliance landscape | I27: Strategic procurement of services against needs
H28: Meeting, interpreting, and actively shaping the policy and legal requirements that we have to work within | I28: Focus on good service provision and management, well-matched to demand
H29: 7. Commissioning process | I29: Contestability and market management
H30: Technically excellent and highly professional commissioning mechanisms, including competition, collaboration, commercials, clarity of contracting, and continual improvement as well as well-judged introduction of new approaches | I30: Creating conditions for best value and outcomes within financial constraints, from a mixed and healthy economy of providers
H31: 8. Models and tactics | I31: Delivery model design
H32: Design of delivery models that are fit for purpose, effective, and innovative, based on real attention to how services are structured and delivered | I32: Effective delivery models enabling effective practice

Sheet Full list
A1: Aspect | B1: Question | C1: Question
A2: Aspect 1. Whole system design | B2: How are we working as a whole, place-based system? | C2: We are working well as as a whole, place-based system
A3: Aspect 1. Whole system design | B3: Do we understand need (including unmet need) and capacity as a whole? | C3: We have a good understanding of need (including unmet need) and capacity as a whole
A4: Aspect 1. Whole system design | B4: Do we understand what is really shaping need and demand in our place? | C4: We have a good understanding of what is really shaping need and demand in our place
A5: Aspect 1. Whole system design | B5: Do we understand what really matters to citizens, and local views about wellbeing and care? | C5: We have a good understanding of what really matters to citizens, and local views about wellbeing and care
A6: Aspect 1. Whole system design | B6: Is the whole system coherent? Do we have a plan as a whole system? | C6: The whole system is coherent, and we have a plan as a whole system
A7: Aspect 1. Whole system design | B7: Are we putting social and environmental justice at the heart of the system? | C7: We put social and environmental justice at the heart of the system
A8: Aspect 1. Whole system design | B8: Can we shift the dial to strengths, enabling, prevention, and early intervention? | C8: We have successfully shifted the dial to strengths, enabling, prevention, and early intervention
A9: Aspect 1. Whole system design | B9: Are we learning as a whole system? | C9: We are learning effectively as a whole system
A10: Aspect 1. Whole system design | B10: Can we work systematically at a strategic, operational, and individual level? | C10: We work systematically at a strategic, operational, and individual level
A11: Aspect 1. Whole system design | B11: Are we under pressure to provide standardised vs fit-for-content services (discussion of ‘postcode lotteries’ etc)? | C11: We deal well with any pressure to provide standardised vs fit-for-content services (discussion of ‘postcode lotteries’ etc)
A12: Aspect 1. Whole system design | B12: Are we open to reviewing current payment methods so that they work for different models of commissioning? This could include ICS models, or other sub-regional or cross-border models. | C12: We have an open mind to reviewing current payment methods so that they work for different models of commissioning (This could include ICS models, or other sub-regional or cross-border models)
... A103: Aspect 8. Models and tactics | B103: Are commissioners closely connected to practice (including any supply chain and workforce issues)? | C103: Commissioners are closely connected to practice (including any supply chain and workforce issues)

Sheet Place based factors
A1: Place-based factors - for consideration alongside Aspect 1: Whole System Design
A2: Return to Contents
A3: Here is a set of place-based factors – consider whether they enable or constrain your ability to achieve whole system design:
A4: Factor | B4: Do they enable or constrain? | C4: What is our level of influence? | D4: Comments
A5: Levels of health and age distribution within the population
A6: Levels of deprivation, wage rates and employment market
A7: Geographical marginality and isolation, transport ease and accessibility
A8: Other geo-demographics of the local place – characteristics, location, and density of population
A9: Population changes and mobility levels
A10: Urban design and the amount, quality, and accessibility of green spaces
A11: Funding and structures of the council and partners (and how they link together, or do not)
A12: Land value and planning issues
A13: Workforce and workforce planning

Sheet Lists
A1: 0-24 | B1: Red 0/1 - We have identified failures in the process that pose a significant risk to the system, these will need to be addressed with high priority
A2: 25-49 | B2: Orange 2 - We have identified risks posed to the systems in place and improvement is required/need to be addressed with medium priority
A3: 50-74 | B3: Amber 3 - We have identified no immediate risk is posed to the systems in place, however several shortfalls will need to be addressed with low priority
A4: 75-100 | B4: Green 4 - We have identified that very good/excellent systems are in place and that no risk has been identified in this process
A6: Essential / crucial
A7: Very important
A8: Somewhat Important
A9: Has limited impact on this aspect
A10: Type | B10: Influence | C10: How to respond
A11: Enabling | B11: In our control | C11: Do not boost
A12: Constraining | B12: Out of our control | C12: To be boosted
B13: Influenceable | C13: Try to overcome, avoid or work around
C14: Would benefit from Innovation
A19: Aspect 1. Whole system design
A20: Aspect 2. Relationships and organisation across the system | G20: Approach 1. | H20: Place-based wellbeing
A21: Aspect 3. Capacity, capability and confidence | G21: Approach 2. | H21: Leadership of place for whole system change
A22: Aspect 4. User and outcome centred | G22: Approach 3. | H22: Unlocking potential
A23: Aspect 5. Information, insight and innovation | G23: Approach 4. | H23: Citizen-centred commissioning
A24: Aspect 6. Managing the policy and compliance landscape | G24: Approach 5. | H24: Values-based/disruptive commissioning
A25: Aspect 7. Commissioning process | G25: Approach 6. | H25: Strategic procurement of services against needs
A26: Aspect 8. Models and tactics | G26: Approach 7. | H26: Market management
G27: Approach 8. | H27: Delivery model design
